 Dungeon Crawl Stone Soup version 0.28-a0-691-gad6df49e81 (webtiles) character file.

Game seed: 11889595557222687137

2132688 lawman0 the Hawkeye (level 27, 293/293 HPs)
             Began as an Ogre Hunter on Oct 19, 2021.
             Was the Champion of Okawaru.
             Escaped with the Orb
             ... and 4 runes on Oct 21, 2021!
             The game lasted 05:55:22 (81567 turns).

lawman0 the Hawkeye (Ogre Hunter)                  Turns: 81567, Time: 05:55:23

Health: 293/293    AC: 21    Str: 31    XL:     27
Magic:  49/49      EV: 13    Int: 19    God:    Okawaru [******]
Gold:   5547       SH: 14    Dex: 17    Spells: 11/61 levels left

rFire   + + +      SeeInvis .   v - +9 demon trident (elec)
rCold   + + +      Faith    .   V - +1 kite shield {reflect}
rNeg    + . .      Spirit   .   d - +7 fire dragon scales
rPois   +          Reflect  +   i - -2 hat of the Alchemist {rElec rPois rF+ rC+ rN+ Will+ rMut rCorr}
rElec   +          Harm     .   w - +2 cloak "Zypeybuj" {Rampage rC++ Int-4 Dex+8}
rCorr   +          Rampage  +   (gloves unavailable)
rMut    +                       (boots unavailable)
Will    ++++.                   R - amulet of Itwoj {rC+ Regen+ Slay+2 Stlth+}
Stlth   ++........              p - ring of Lestoroc {Fly Str+6 Int+3 Stlth+}
HPRegen 1.58/turn               Q - ring of Otuu {rPois Will+ Slay+4}
MPRegen 0.31/turn

@: flying, hasted, very quick
A: large, unfitting armour, tough skin 1, horns 1, high mp 1, screaming 1
0: Orb of Zot
}: 4/15 runes: decaying, slimy, silver, gossamer
a: Renounce Religion, Heroism, Finesse, Duel


You escaped.
You worshipped Okawaru.
Okawaru was exalted by your worship.
You visited 12 branches of the dungeon, and saw 57 of its levels.
You visited the Abyss 1 time.
You visited 1 bazaar.
You also visited: Trove, Bailey, Gauntlet and Wizlab.

You collected 12068 gold pieces.
You spent 6521 gold pieces at shops.

Inventory:

Hand Weapons
 v - a +9 demon trident of electrocution (weapon)
Missiles
 b - a silver boomerang
 g - 36 atropa-tipped darts
 h - 16 large rocks (quivered)
 k - 21 boomerangs of dispersal
 l - 16 javelins
 o - 9 boomerangs
 N - 6 curare-tipped darts
 P - 26 silver javelins
 T - 14 datura-tipped darts
Armour
 d - +7 fire dragon scales (worn)
 i - the -2 hat of the Alchemist (worn) {rElec rPois rF+ rC+ rN+ Will+ rMut rCorr}
   (You found it on level 5 of the Pits of Slime)

   rF:        It protects you from fire.
   rC:        It protects you from cold.
   rElec:     It insulates you from electricity.
   rPois:     It protects you from poison.
   rN:        It protects you from negative energy.
   rCorr:     It protects you from acid and corrosion.
   rMut:      It protects you from mutation.
   Will:      It increases your willpower.
 w - the +2 cloak "Zypeybuj" (worn) {Rampage rC++ Int-4 Dex+8}
   (You found it in a wizard's laboratory)

   Int:       It affects your intelligence (-4).
   Dex:       It affects your dexterity (+8).
   rC:        It greatly protects you from cold.
   Rampage:   It bestows one free step when moving towards enemies.
 V - a +1 kite shield of reflection (worn)
Jewellery
 p - the ring of Lestoroc (left hand) {Fly Str+6 Int+3 Stlth+}
   (You found it in a bailey)

   [ring of strength]

   Str:       It affects your strength (+6).
   Int:       It affects your intelligence (+3).
   Fly:       It grants you flight.
   Stlth:     It makes you more stealthy.
 y - the amulet of Lupt {RegenMP +Inv Int+9}
   (You found it on level 5 of the Dungeon)

   [amulet of magic regeneration]

   It increases your rate of magic regeneration.
   Int:       It affects your intelligence (+9).
   +Inv:      It lets you turn invisible.
 Q - the ring of Otuu (right hand) {rPois Will+ Slay+4}
   (You found it on level 6 of the Lair of Beasts)

   [ring of slaying]

   Slay:      It affects your accuracy & damage with ranged weapons and melee
   (+4).
   rPois:     It protects you from poison.
   Will:      It increases your willpower.
 R - the amulet of Itwoj (around neck) {rC+ Regen+ Slay+2 Stlth+}
   (You found it on level 3 of the Crypt)

   [amulet of regeneration]

   Slay:      It affects your accuracy & damage with ranged weapons and melee
   (+2).
   rC:        It protects you from cold.
   Regen:     It increases your rate of health regeneration.
   Stlth:     It makes you more stealthy.
Wands
 a - a wand of paralysis (24)
 m - a wand of iceblast (49)
 E - a wand of digging (29)
 J - a wand of polymorph (22)
 W - a wand of mindburst (69)
 Y - a wand of acid (15)
 Z - a wand of flame (84)
Scrolls
 s - 10 scrolls of immolation
 C - 7 scrolls of fog
 F - 7 scrolls of vulnerability
 G - 12 scrolls of teleportation
 H - 3 scrolls of silence
 L - 2 scrolls of blinking
 S - 7 scrolls of amnesia
 U - 7 scrolls of fear
 X - 35 scrolls of identify
Potions
 c - a potion of resistance
 e - 8 potions of ambrosia
 f - 14 potions of curing
 j - 9 potions of might
 q - a potion of cancellation
 t - 7 potions of lignification
 x - 10 potions of heal wounds
 z - 3 potions of haste
 A - 6 potions of invisibility
 B - 10 potions of brilliance
 O - a potion of magic
Miscellaneous
 r - a phial of floods
 u - a tin of tremorstones (2/2)
 D - a piece from Xom's chessboard (15/15)
 I - a condenser vane
 K - a lightning rod (4/4)


   Skills:
 * Level 20.7 Fighting
 - Level 14.2 Polearms
 + Level 2.0(11.8) Slings
 * Level 22.3(22.4) Throwing
 * Level 11.6 Armour
 * Level 9.7 Dodging
 * Level 12.5 Stealth
 * Level 13.7 Shields
 + Level 17.9 Spellcasting
 + Level 10.5 Conjurations
 * Level 7.5 Hexes
 + Level 9.0 Necromancy
 + Level 13.6 Translocations
 + Level 10.0 Transmutations
 + Level 10.0 Ice Magic
 + Level 10.8 Air Magic
 + Level 7.7 Poison Magic
 + Level 3.4 Invocations
 + Level 2.3 Evocations


You had 11 spell levels left.
You knew the following spells:

 Your Spells              Type           Power      Damage    Failure   Level
a - Apportation           Tloc           100%       N/A       1%          1
b - Teleport Other        Tloc           62%        N/A       1%          3
c - Vampiric Draining     Necr           25%        2d9       1%          3
d - Blink                 Tloc           N/A        N/A       1%          2
e - Cause Fear            Hex            22%        N/A       2%          4
f - Alistair's Intoxicat  Tmut/Pois      33%        N/A       4%          5
g - Freezing Cloud        Conj/Ice/Air   27%        6-21      2%          5
h - Dispersal             Tloc           31%        N/A       3%          6
i - Portal Projectile     Hex/Tloc       100%       N/A       1%          3
j - Passwall              Tmut/Erth      30%        N/A       1%          2
k - Dispel Undead         Necr           50%        3d19      1%          4
l - Passage of Golubria   Tloc           62%        N/A       1%          4
m - Swiftness             Air            55%        N/A       1%          3
n - Silence               Hex/Air        25%        N/A       4%          5

Your spell library contained the following spells:

 Spells                   Type           Power      Damage    Failure   Level
 Beastly Appendage        Tmut           100%       N/A       1%          1
 Foxfire                  Conj/Fire      100%       2x1d9     1%          1
 Magic Dart               Conj           100%       1d8       1%          1
 Pain                     Necr           100%       1d9       1%          1
 Shock                    Conj/Air       100%       1d9       1%          1
 Sting                    Tmut/Pois      100%       1d8       1%          1
 Corpse Rot               Necr/Air       100%       N/A       1%          2
 Ensorcelled Hibernation  Hex/Ice        100%       N/A       1%          2
 Poisonous Vapours        Pois/Air       100%       N/A       1%          2
 Searing Ray              Conj           100%       2d8       1%          2
 Slow                     Hex            45%        N/A       1%          2
 Static Discharge         Conj/Air       55%        N/A       1%          2
 Sublimation of Blood     Necr           25%        N/A       1%          2
 Wereblood                Tmut           53%        N/A       1%          2
 Confusing Touch          Hex            45%        N/A       1%          3
 Gell's Gravitas          Tloc           31%        N/A       1%          3
 Ignite Poison            Fire/Tmut/Pois 39%        N/A       1%          3
 Lesser Beckoning         Tloc           62%        N/A       1%          3
 Mephitic Cloud           Conj/Pois/Air  52%        N/A       1%          3
 Ozocubu's Armour         Ice            53%        N/A       1%          3
 Spider Form              Tmut/Pois      25%        N/A       1%          3
 Airstrike                Air            27%        N/A       1%          4
 Fulminant Prism          Conj/Hex       25%        3d14      1%          4
 Iskenderun's Mystic Bla  Conj/Tloc      58%        2d12      1%          4
 Manifold Assault         Tloc           62%        N/A       1%          5
 Olgreb's Toxic Radiance  Pois           46%        N/A       2%          4
 Blade Hands              Tmut           26%        N/A       2%          5
 Irradiate                Conj/Tmut      27%        3d22      2%          5
 Iskenderun's Battlesphe  Conj           55%        2d11      2%          5
 Lightning Bolt           Conj/Air       27%        1d44      2%          5
 Excruciating Wounds      Necr           25%        N/A       4%          5
 Metabolic Englaciation   Hex/Ice        25%        N/A       4%          5
 Yara's Violent Unravell  Hex/Tmut       25%        3d11      4%          5
 Sandblast                Erth           34%        2d9       6%          1
 Flame Wave               Conj/Fire      37%        3d8       7%          4
 Sticky Flame             Conj/Fire      37%        2d6       7%          4
 Petrify                  Tmut/Erth      36%        N/A       8%          4
 Scorch                   Fire           34%        2d6       10%         2
 Conjure Ball Lightning   Conj/Air       27%        3x3d8     12%         6
 Leda's Liquefaction      Hex/Erth       15%        N/A       13%         4
 Fireball                 Conj/Fire      18%        3d9       21%         5
 Eringya's Noxious Bog    Tmut/Pois      25%        N/A       26%         6
 Borgnjor's Vile Clutch   Necr/Erth      17%        N/A       28%         5
 Invisibility             Hex            22%        N/A       41%         6
 Dragon Form              Tmut           26%        N/A       65%         7
 Ozocubu's Refrigeration  Ice            26%        4d10      65%         7
 Iron Shot                Conj/Erth      18%        9d4       73%         6
 Starburst                Conj/Fire      18%        6d7       73%         6
 Statue Form              Tmut/Erth      24%        N/A       77%         6
 Disjunction              Tloc           31%        N/A       85%         8
 Lee's Rapid Deconstruct  Erth           8%         3d8*      87%         5
 Maxwell's Capacitive Co  Air            27%        ∞         99%         8
 Borgnjor's Revivificati  Necr           25%        N/A       100%        8
 Discord                  Hex            22%        N/A       100%        8
 Ignition                 Fire           8%         3d5       100%        8
 Chain Lightning          Conj/Air       27%        3d36      100%        9
 Death's Door             Necr           25%        N/A       100%        9
 Fire Storm               Conj/Fire      18%        8d5       100%        9
 Shatter                  Erth           8%         3d10*     100%        9
 Animate Skeleton         Necr           Unusable   N/A       N/A         1
 Tukima's Dance           Hex            Unusable   N/A       N/A         3
 Animate Dead             Necr           Unusable   N/A       N/A         4
 Summon Lightning Spire   Summ/Air       Unusable   N/A       N/A         4
 Summon Forest            Summ/Tloc      Unusable   N/A       N/A         5
 Simulacrum               Ice/Necr       Unusable   N/A       N/A         6
 Death Channel            Necr           Unusable   N/A       N/A         6
 Summon Mana Viper        Hex/Summ       Unusable   N/A       N/A         5
 Malign Gateway           Summ/Tloc      Unusable   N/A       N/A         7
 Spellforged Servitor     Conj/Summ      Unusable   N/A       N/A         7
 Summon Cactus Giant      Summ           Unusable   N/A       N/A         6
 Summon Hydra             Summ           Unusable   N/A       N/A         7
 Dragon's Call            Summ           Unusable   N/A       N/A         9

Dungeon Overview and Level Annotations

Branches:
Dungeon (15/15)            Temple (1/1) D:6            Lair (6/6) D:9
  Swamp (4/4) Lair:4       Spider (4/4) Lair:3        Slime (5/5) Lair:5
    Orc (2/2) D:11            Elf (3/3) Orc:2        Vaults (5/5) D:13
  Crypt (3/3) Vaults:3       Tomb (0/3) Crypt:3      Depths (4/4) D:15
    Zot (5/5) Depths:4     Bailey (visited)          WizLab (visited)
Gauntlet (visited)

Altars:
Cheibriados
Dithmenos
Elyvilon
Fedhas
Gozag
Hepliaklqana
Kikubaaqudgha
Nemelex Xobeh
Okawaru
Qazlal
Ru
Sif Muna
Trog
Uskayaw
Vehumet
Wu Jian
Xom
Yredelemnul
Zin
Beogh
Jiyva

Shops:
D:1 **[[   D:3 [   D:13 (   Orc:1 :   Orc:2 [?=*   Elf:2 *[::*   Elf:3 **([[
Vaults:1 !

Portals:
Hell: Depths:1 Depths:2 Depths:3 Depths:4
Abyss: Depths:3
Pandemonium: Orc:2 Depths:2 Depths:3
Ziggurat: Depths:4

Annotations:
D:5 Aneyh's ghost, novice DgEn
Lair:2 1 exclusion
Swamp:1 2 transporters, AttackTheMoon's ghost, adept DjFE
Elf:2 3 runed translucent doors
Elf:3 exclusion: 2 doors
Crypt:1 2 transporters, Vyamogif's ghost, veteran FoFi
Zot:1 1 transporter
Zot:5 1 exclusion


Innate Abilities, Weirdness & Mutations

You are too large for most types of armour.
You have tough skin. (AC +1)
You have a pair of small horns on your head.
You have an increased reservoir of magic. (+10% MP)
You occasionally shout uncontrollably at your foes.


Message History

This square is covered in magical glow.
The rock shatters into small pieces.
Your extra speed is starting to run out.
A bat and a rakshasa come into view.
You miss the bat.
Unknown command.
The bat closely misses you. The rakshasa gestures at you.
The lance of force hits you!
You are knocked back by the lance of force.
You slam into the rock wall!
There is a stone staircase leading up here.
You feel yourself slow down. The bat barely misses you.
You fly upwards.
There is a stone staircase leading down here.
Unknown command.
You feel yourself speed up. The bat misses you. The bat barely misses you.
That's the wrong kind of item! (Use * to select it.) Evoke which item? (* to show all) (? for menu, Esc to quit)
That's the wrong kind of item! (Use * to select it.) Evoke which item? (* to show all) (? for menu, Esc to quit)
Aiming: Dig
Press: ? - help, Shift-Dir - straight line A rock wall.
This square is covered in magical glow.
The rock shatters into small pieces.
The bat misses you. You block the bat's attack. You block the bat's attack.
You block the bat's attack. You block the bat's attack.
A blizzard demon comes into view.
You yell at the blizzard demon!
You block the bat's attack. You block the bat's attack.
There is a staircase leading out of the dungeon here.
Enter note: \o/ The bat closely misses you.
You have escaped!

#######.........####......##
##.....#.....###........
##.....###.....##........
##.....#####.....#######..
##.....#.....#.....## ##.
##.....###...###.....## #.
##...).#####.#####.....## #.
##.....#...........#.....## ##
#.....###....@b...###.....# #
#....#####.......#####....####
#...#.....#.....#.....#.....2'
#..###...###...###...###....##
#.#####.#####.#####.#####..#.#
#..........................##.
#############..............###
################ #


You could see a bat.

Vanquished Creatures
  the Royal Jelly (Slime:5)
  3 dread liches
  4 ancient liches
  7 orbs of fire
  A juggernaut (Depths:3)
  A pandemonium lord (Depths:1)
  4 Killer Klowns (Zot:5)
  the Lernaean hydra (Swamp:4)
  Bai Suzhen (Vaults:4)
  Xtahua (Vaults:2)
  2 curse toes
  A caustic shrike (Depths:3)
  3 bone dragons
  9 golden dragons
  2 electric golems
  Rupert (D:12)
  A Hell Sentinel (D:7)
  20 tentacled monstrosities
  7 liches
  An Ice Fiend (Zot:2)
  2 deep elf master archers (Elf:3)
  22 Orb Guardians (Zot:5)
  Mlioglotl (Swamp:3)
  2 deep elf blademasters (Elf:3)
  6 quicksilver dragons
  7 titans (Vaults:5)
  14 acid blobs
  5 death cobs
  An ancient champion (Crypt:2)
  12 tengu reavers
  7 sphinxes
  9 shadow dragons
  A thorn hunter (Swamp:4)
  The ghost of Pooter the Severer, an adept MiBe of Trog (Lair:4)
  An eldritch tentacle (WizLab)
  4 revenants
  10 rockslimes
  Roxanne (Elf:3)
  10 storm dragons
  4 azure jellies
  Donald (Crypt:2)
  9 draconian knights
  8 draconian monks
  8 fire giants
  13 deep elf sorcerers
  2 iron dragons (Depths:3)
  7 emperor scorpions
  2 orc warlords
  23 vault wardens
  10 frost giants
  7 ghost moths
  2 balrugs
  6 ghouls (Crypt:2)
  3 draconian scorchers (Zot:2)
  Aizul (Vaults:4)
  4 draconian stormcallers
  5 deep elf elementalists (Elf:3)
  2 juggernaut zombies
  5 draconian shifters
  4 curse skulls
  7 war gargoyles
  17 ironbound preservers
  6 draconian annihilators
  9 quicksilver oozes
  37 very ugly things
  A juggernaut skeleton (Crypt:3)
  13 vampire knights
  A starcursed mass (WizLab)
  19 stone giants
  13 green draconians
  8 deep elf demonologists
  9 black draconians
  13 purple draconians
  3 entropy weavers
  12 dire elephants
  10 deep elf annihilators
  4 bunyips
  2 minotaurs
  16 yellow draconians
  8 white draconians
  5 spark wasps
  Snorg (D:12)
  11 deep elf death magi
  8 red draconians
  4 eleionomae
  An eidolon (Crypt:2)
  7 ettins
  A crystal guardian (Vaults:3)
  A merfolk javelineer (Depths:1)
  4 fire dragons
  11 jiangshi
  16 yaktaur captains
  39 vault guards
  16 great orbs of eyes
  10 deep elf high priests
  9 ice dragons
  22 hydras
  2 demonspawn (Orc:2)
  A peacekeeper (Vaults:3)
  A ghost crab (Swamp:1)
  3 rakshasas
  5 boulder beetles
  An alligator snapping turtle (shapeshifter) (Depths:3)
  8 ironbound thunderhulks
  Harold (D:8)
  5 ogre magi (Vaults:5)
  3 death knights
  A spriggan air mage (Depths:4)
  5 two-headed ogres
  Erolcha (D:13)
  3 catoblepae
  6 alligators
  12 ironbound frosthearts
  The ghost of dracfodder the Cleaver, a journeyman GrBe of Trog (D:10)
  6 centaur warriors
  3 tengu warriors
  6 deep troll shamans
  20 dancing weapons
  8 orc high priests
  9 death yaks
  4 deep troll earth magi
  7 spriggan berserkers
  3 thrashing horrors (WizLab)
  4 vampire magi
  15 hell knights
  15 deep elf knights
  A fire crab (Gauntlet)
  A soul eater (Crypt:1)
  28 skeletal warriors
  A sun demon (WizLab)
  A shadow wraith (Crypt:2)
  4 iron trolls
  A storm dragon skeleton (Crypt:2)
  3 goliath frogs
  3 spriggan druids
  5 glowing orange brains
  A deep troll (shapeshifter) (Gauntlet)
  14 bog bodies
  A flayed ghost (Depths:2)
  13 swamp dragons
  55 deep trolls
  18 deep elf archers
  An obsidian statue (WizLab)
  Pikel (D:8)
  A bunyip skeleton (Crypt:1)
  37 deep elf zephyrmancers
  2 lindwurms (Vaults:1)
  20 ironbound convokers
  A goliath frog zombie (Crypt:1)
  An anaconda skeleton (Crypt:3)
  15 necromancers
  10 orc knights
  19 phantasmal warriors
  A shadow dragon zombie (Crypt:1)
  18 wizards
  30 deep elf pyromancers
  20 orb spiders
  24 wolf spiders
  39 ugly things
  4 cyclopes
  6 shining eyes
  A manticore (shapeshifter) (Gauntlet)
  8 orc sorcerers
  2 shining eyes (shapeshifter)
  A stone giant zombie (Crypt:1)
  3 manticores
  2 guardian serpents (WizLab)
  22 moths of wrath
  A shadow dragon skeleton (Crypt:2)
  10 fire giant skeletons (Crypt:3)
  4 will-o-the-wisps
  A worldbinder (WizLab)
  Maurice (D:8)
  4 centaur zombies
  An ice statue (Gauntlet)
  24 vault sentinels
  2 stone giant skeletons
  19 elephants
  A naga mage (Vaults:1)
  An iron dragon skeleton (Crypt:2)
  3 eyes of devastation
  An orange demon (Orc:2)
  7 black mambas
  A guardian serpent (shapeshifter) (Vaults:2)
  An eye of devastation (shapeshifter) (Vaults:5)
  2 human skeletons (Vaults:2)
  2 dire elephant zombies
  5 spriggan zombies
  6 torpor snails
  3 smoke demons
  6 gargoyles
  2 minotaur zombies
  13 cane toads
  4 unseen horrors
  A spriggan skeleton (Crypt:2)
  12 freezing wraiths
  2 kobold demonologists (D:10)
  4 naga skeletons
  13 demonic crawlers
  15 komodo dragons
  Maggie (D:7)
  A catoblepas zombie (Crypt:1)
  2 rime drakes
  An efreet (WizLab)
  37 yaktaurs
  3 tengu conjurers
  2 ancient zymes (WizLab)
  A grey draconian skeleton (Crypt:1)
  A yaktaur (shapeshifter) (D:13)
  A queen bee (Spider:3)
  5 trolls
  A harpy zombie (Crypt:1)
  7 tyrant leeches
  4 meliai
  A red devil (Depths:1)
  A bloated husk (Swamp:1)
  A merfolk (shapeshifter) (Gauntlet)
  35 jumping spiders
  7 polar bears
  Prince Ribbit (D:7)
  33 blink frogs
  3 harpy skeletons
  2 ettin zombies
  A hydra skeleton (Crypt:2)
  A wind drake (WizLab)
  15 hornets
  110 slime creatures
  Grinder (D:4)
  11 dream sheep
  A black mamba zombie (Crypt:3)
  2 stone giant simulacra
  2 air elementals
  A centaur simulacrum (D:15)
  16 tarantellas
  27 spriggans
  10 wyverns
  7 fire dragon skeletons
  A redback (shapeshifter) (Vaults:4)
  9 water elementals
  A tarantella (shapeshifter) (Depths:3)
  2 ettin skeletons
  76 redbacks
  5 vampires (Crypt:3)
  3 shadows
  14 wraiths
  34 yaks
  A spriggan simulacrum (Crypt:1)
  3 fire bats (Gauntlet)
  3 fire elementals
  An alligator snapping turtle simulacrum (Crypt:2)
  5 basilisks
  2 chaos spawn (Orc:2)
  2 golden eyes (Slime:2)
  A black mamba skeleton (Crypt:2)
  A hog (shapeshifter) (Vaults:5)
  A steam dragon (D:5)
  4 wargs (Orc:2)
  2 elf skeletons
  A human simulacrum (Vaults:3)
  2 naga zombies
  An acid dragon (D:11)
  23 vampire mosquitoes
  A hell hound (WizLab)
  7 spatial vortices (WizLab)
  17 swamp worms
  14 water moccasins
  A sky beast (D:5)
  44 orc warriors
  11 swamp drakes
  4 black bears
  A necrophage (Crypt:2)
  A black bear (shapeshifter) (Depths:2)
  10 boggarts
  10 ogres
  A swamp dragon zombie (Crypt:1)
  An ettin simulacrum (Crypt:2)
  A blink frog skeleton (Crypt:2)
  26 centaurs
  A dream sheep skeleton (Crypt:2)
  25 wolves
  6 kobold brigands
  13 bullfrogs
  A scorpion (Lair:2)
  4 earth elementals
  A gnoll sergeant (D:13)
  A water moccasin zombie (D:6)
  A draconian skeleton (Crypt:2)
  26 killer bees
  A troll zombie (D:11)
  14 electric eels
  14 wights
  A yak skeleton (Crypt:2)
  6 howler monkeys
  2 bullfrog zombies
  A black bear zombie (Crypt:1)
  6 jellies
  A bullfrog skeleton (D:6)
  3 centaur skeletons
  18 orc priests
  3 gnoll shamans
  4 iguanas
  Ijyb (D:4)
  Natasha (thrice) (D:4)
  11 orc wizards
  A hell rat (Lair:2)
  A killer bee zombie (D:9)
  7 ogre zombies (D:11)
  A hound skeleton (D:4)
  A howler monkey zombie (D:8)
  33 gnolls
  10 adders
  A shadow imp (D:8)
  3 white imps
  3 ufetubi
  A barachi skeleton (Crypt:2)
  6 dart slugs
  87 orcs
  8 bats
  4 endoplasms
  2 giant cockroaches (D:1)
  12 goblins
  7 hobgoblins
  23 kobolds
  8 quokkas
  4 ball pythons
  4 frilled lizards
  3 goblin skeletons (D:11)
  2 goblin zombies
  A hobgoblin skeleton (D:11)
  2 hobgoblin zombies (D:11)
  3 orc skeletons
  17 orc zombies (D:11)
  4 rats
2588 creatures vanquished.

Vanquished Creatures (others)
  A deep elf knight (Elf:2)
  A water elemental (Elf:2)
  An ogre (Vaults:5)
  An orc priest (Orc:2)
  16 foxfires
  55 fungi
  109 plants
  20 withered plants (Crypt:3)
204 creatures vanquished.

Grand Total: 2792 creatures vanquished

Notes
Turn   | Place    | Note
-------+----------+-------------------------------------------
     0 | D:1      | lawman0 the Ogre Hunter began the quest for the Orb.
     0 | D:1      | Reached XP level 1. HP: 22/22 MP: 1/1
    95 | D:1      | Found Hyxaroid's General Store.
   130 | D:1      | Reached XP level 2. HP: 24/29 MP: 2/2
   236 | D:1      | Found Puivai's Antique Armour Shoppe.
   412 | D:1      | Found Viuna's Antique Armour Boutique.
   541 | D:1      | HP: 1/29 [frilled lizard (2)]
   891 | D:1      | Reached XP level 3. HP: 26/36 MP: 3/3
  1011 | D:1      | Found Bass's Assorted Antiques.
  1254 | D:1      | Reached skill level 5 in Throwing
  1814 | D:2      | Reached XP level 4. HP: 36/45 MP: 4/4
  2969 | D:3      | Learned a level 1 spell: Animate Skeleton
  3405 | D:3      | Found Zashresoo's Armour Boutique.
  3414 | D:3      | lol
  3678 | D:3      | Reached XP level 5. HP: 47/53 MP: 5/5
  3796 | D:3      | Learned a level 3 spell: Teleport Other
  4659 | D:1      | Bought a bubbling silvery potion for 20 gold pieces
  4682 | D:1      | Bought a runed robe for 62 gold pieces
  4799 | D:4      | Noticed Natasha
  4808 | D:4      | Killed Natasha
  4809 | D:4      | Reached skill level 6 in Throwing
  4959 | D:4      | Noticed an ogre
  4992 | D:4      | Killed an ogre
  4993 | D:4      | Reached XP level 6. HP: 51/61 MP: 6/6
  5024 | D:4      | Reached skill level 1 in Translocations
  5252 | D:4      | Reached skill level 1 in Necromancy
  5519 | D:4      | Reached XP level 7. HP: 57/68 MP: 7/7
  5660 | D:4      | Noticed Grinder
  5668 | D:4      | Killed Grinder
  5669 | D:4      | Reached skill level 7 in Throwing
  5669 | D:4      | Reached skill level 1 in Stealth
  5670 | D:4      | Noticed Ijyb
  5688 | D:4      | Killed Ijyb
  5715 | D:4      | Noticed Natasha
  5719 | D:4      | Found a blossoming altar of Fedhas.
  5775 | D:4      | Killed Natasha
  5778 | D:4      | Noticed Natasha
  5786 | D:4      | Killed Natasha
  6402 | D:5      | Entered Level 5 of the Dungeon
  6451 | D:5      | Noticed a steam dragon
  6457 | D:5      | Killed a steam dragon
  6458 | D:5      | Reached skill level 8 in Throwing
  6458 | D:5      | Reached XP level 8. HP: 73/78 MP: 8/8
  6548 | D:5      | Found a runed translucent door.
  6805 | D:5      | Reached skill level 9 in Throwing
  7635 | D:5      | Identified the amulet of Lupt {RegenMP +Inv Int+9}
  7637 | D:5      | sick
  7675 | D:5      | Found a sparkling altar of Nemelex Xobeh.
  7805 | D:5      | Noticed Aneyh's ghost (novice DgEn)
  8070 | D:6      | Found a staircase to the Ecumenical Temple.
  8079 | Temple   | Entered the Ecumenical Temple
  8088 | Temple   | Became a worshipper of Warmaster Okawaru
  8189 | D:6      | Reached XP level 9. HP: 58/85 MP: 9/9
  8888 | D:6      | Learned a level 3 spell: Vampiric Draining
  9028 | D:6      | Noticed a manticore
  9040 | D:6      | Killed a manticore
  9040 | D:6      | Reached * piety under Okawaru
  9041 | D:6      | Reached skill level 1 in Polearms
  9049 | D:6      | lol
  9062 | D:6      | REEE
  9235 | D:6      | Identified the +1 ring mail of an ice cave {+Inv Fly Dex+4}
  9272 | D:6      | Reached skill level 10 in Throwing
  9737 | D:5      | Gained mutation: Potions are less effective at restoring
                  | your health. [potion of mutation]
  9737 | D:5      | Gained mutation: Your system is resistant to poisons.
                  | (rPois) [potion of mutation]
 10715 | D:7      | Noticed Maggie
 10727 | D:7      | Killed Maggie
 10728 | D:7      | sick
 10879 | D:7      | Noticed Prince Ribbit
 10895 | D:7      | Killed Prince Ribbit
 10896 | D:7      | Reached skill level 5 in Fighting
 11160 | D:7      | Found an ornate altar of the Wu Jian Council.
 11162 | D:7      | Found an opulent altar of Gozag.
 11392 | D:7      | Found a bloodstained altar of Trog.
 11392 | D:7      | Found a glowing silver altar of Zin.
 11392 | D:7      | Found a snail-covered altar of Cheibriados.
 11395 | D:7      | Found a stormy altar of Qazlal.
 11397 | D:7      | Found a shimmering altar of Xom.
 11767 | D:6      | Reached skill level 1 in Spellcasting
 12209 | D:1      | Bought a runed kite shield for 210 gold pieces
 12423 | D:7      | Learned a level 2 spell: Blink
 12453 | D:7      | Reached XP level 10. HP: 85/87 MP: 8/11
 12604 | D:8      | Noticed Maurice
 12650 | D:8      | Found a flagged portal.
 12656 | Bailey   | Entered a bailey
 12679 | Bailey   | Reached skill level 1 in Shields
 12901 | Bailey   | Reached ** piety under Okawaru
 12902 | Bailey   | Reached skill level 11 in Throwing
 13582 | Bailey   | Reached *** piety under Okawaru
 13587 | Bailey   | Identified the ring of Lestoroc {Fly Str+6 Int+3 Stlth+}
 13590 | Bailey   | based?
 13780 | D:8      | Killed Maurice
 13781 | D:8      | Reached skill level 12 in Throwing
 13956 | D:8      | Noticed Pikel
 13959 | D:8      | Killed Pikel
 13959 | D:8      | Reached **** piety under Okawaru
 13960 | D:8      | Reached skill level 5 in Necromancy
 14121 | D:8      | Lost mutation: Potions are less effective at restoring your
                  | health. [potion of mutation]
 14121 | D:8      | Lost mutation: Your system is resistant to poisons. (rPois)
                  | [potion of mutation]
 14121 | D:8      | Gained mutation: Armour fits poorly on your strangely
                  | shaped body. [potion of mutation]
 14122 | D:8      | >:(
 14322 | D:8      | Reached XP level 11. HP: 101/102 MP: 12/12
 14338 | D:8      | Noticed Harold
 14353 | D:8      | Killed Harold
 14893 | D:9      | Noticed a two-headed ogre
 14919 | D:9      | Killed a two-headed ogre
 14919 | D:9      | Reached ***** piety under Okawaru
 14964 | D:9      | Reached skill level 13 in Throwing
 15122 | D:9      | Received a gift from Okawaru
 15127 | D:9      | yes
 15127 | D:9      | YES
 15127 | D:9      | THANK YOU DADDY OKIE
 15141 | D:9      | UNCLE OKIES WILD CHUCK RIDE HERE WE GO
 15158 | D:9      | Found a staircase to the Lair.
 15378 | Lair:1   | Entered Level 1 of the Lair of Beasts
 15579 | Lair:1   | Learned a level 4 spell: Airstrike
 15643 | Lair:1   | Noticed a six-headed hydra
 15650 | Lair:1   | Killed a six-headed hydra
 15650 | Lair:1   | Identified the +3 robe of the Stars {rC+ Will+} (Okawaru
                  | gifted it to you on level 1 of the Lair of Beasts)
 15650 | Lair:1   | Received a gift from Okawaru
 15724 | Lair:1   | Reached skill level 5 in Translocations
 15920 | Lair:1   | Reached skill level 1 in Air Magic
 15924 | Lair:1   | Reached skill level 5 in Dodging
 16657 | Lair:2   | Noticed a boulder beetle
 16735 | Lair:2   | Reached XP level 12. HP: 114/115 MP: 14/14
 16780 | Lair:2   | Found a gate leading to a gauntlet.
 16788 | Gauntlet | Entered a Gauntlet
 16788 | Gauntlet | Found a large runed translucent door.
 16788 | Gauntlet | Found a large runed translucent door.
 16788 | Gauntlet | Found a large runed translucent door.
 16788 | Gauntlet | Found a large runed translucent door.
 16788 | Gauntlet | Found a runed translucent door.
 16788 | Gauntlet | Found a large runed translucent door.
 16788 | Gauntlet | Found a large runed translucent door.
 16788 | Gauntlet | Found a transporter.
 16788 | Gauntlet | Found a transporter.
 16788 | Gauntlet | Found a large runed translucent door.
 16788 | Gauntlet | Found a large runed translucent door.
 16788 | Gauntlet | Found a runed translucent gate.
 16788 | Gauntlet | Found a runed translucent gate.
 16788 | Gauntlet | Found a transporter.
 16788 | Gauntlet | Found a transporter.
 16789 | Gauntlet | Found a runed translucent door.
 16789 | Gauntlet | Found a runed translucent gate.
 16797 | Gauntlet | Found a large runed translucent door.
 16797 | Gauntlet | Found a large runed translucent door.
 16798 | Gauntlet | Found a large runed translucent door.
 16799 | Gauntlet | Found a large runed translucent door.
 16803 | Gauntlet | Found a transporter.
 16809 | Gauntlet | Found a transporter.
 16809 | Gauntlet | Found a large runed translucent door.
 16809 | Gauntlet | Found a large runed translucent door.
 16812 | Gauntlet | Found a transporter.
 16825 | Gauntlet | Noticed a death scarab
 16830 | Gauntlet | Noticed a death scarab
 16834 | Gauntlet | Found a transporter.
 16851 | Gauntlet | Found a transporter.
 16854 | Gauntlet | Noticed a catoblepas
 16877 | Gauntlet | Found a transporter.
 16900 | Gauntlet | Found a large runed translucent door.
 16900 | Gauntlet | Found a large runed translucent door.
 16936 | Gauntlet | Found a transporter.
 16948 | Gauntlet | Found a transporter.
 17031 | Gauntlet | Noticed a shock serpent
 17031 | Gauntlet | a sea snake changed into a shock serpent
 17154 | Gauntlet | Identified the amulet "Hapn" {Acrobat rCorr}
 17243 | Gauntlet | Killed a catoblepas
 17254 | Gauntlet | Reached skill level 14 in Throwing
 17262 | Gauntlet | Identified the amulet of Apeseff {Reflect Str+5 SH+5}
 17298 | Gauntlet | Reached skill level 5 in Polearms
 17315 | Gauntlet | Identified the +1 barding of Gluttony {rElec}
 17349 | Gauntlet | Identified the ring "Namys" {rPois rC+ Str-5 Dex-4 SInv}
 17349 | Gauntlet | Noticed a minotaur
 17357 | Gauntlet | Killed a minotaur
 17357 | Gauntlet | Received a gift from Okawaru
 17378 | Gauntlet | Identified the +1 tower shield of Dyzulely {Dex+3}
 17391 | Gauntlet | O_O
 17945 | Lair:2   | Killed a boulder beetle
 18249 | Lair:2   | Noticed a four-headed hydra
 18250 | Lair:2   | Noticed a death yak
 18281 | Lair:2   | Reached skill level 1 in Armour
 18317 | Lair:2   | Noticed an eight-headed hydra
 18435 | Lair:2   | Killed an eight-headed hydra
 18580 | Lair:2   | Received a gift from Okawaru
 18593 | Lair:2   | Reached XP level 13. HP: 123/123 MP: 16/16
 18781 | Lair:2   | Lost mutation: Armour fits poorly on your strangely shaped
                  | body. [potion of mutation]
 18781 | Lair:2   | Gained mutation: Your magical capacity is low. (-10% MP)
                  | [potion of mutation]
 18781 | Lair:2   | Gained mutation: Armour fits poorly on your strangely
                  | shaped body. [potion of mutation]
 18781 | Lair:2   | Gained mutation: You are frail. (-10% HP) [potion of
                  | mutation]
 19092 | D:1      | Bought a scroll of amnesia for 45 gold pieces
 19092 | D:1      | Bought a scroll of teleportation for 39 gold pieces
 19092 | D:1      | Bought 2 potions of mutation for 208 gold pieces
 19092 | D:1      | Bought a scroll of amnesia for 45 gold pieces
 19092 | D:1      | Lost mutation: You are frail. (-10% HP) [potion of
                  | mutation]
 19092 | D:1      | Lost mutation: Your magical capacity is low. (-10% MP)
                  | [potion of mutation]
 19092 | D:1      | Gained mutation: You have a pair of small horns on your
                  | head. [potion of mutation]
 19093 | D:1      | Lost mutation: Armour fits poorly on your strangely shaped
                  | body. [potion of mutation]
 19093 | D:1      | Gained mutation: You have an increased reservoir of magic.
                  | (+10% MP) [potion of mutation]
 19093 | D:1      | Gained mutation: Your muscles are strong. (Str +2) [potion
                  | of mutation]
 19094 | D:1      | hell yeah
 19127 | D:1      | Bought an embroidered scarf for 184 gold pieces
 20196 | Lair:2   | Received a gift from Okawaru
 20430 | Lair:3   | Identified the +6 dagger of Xerajokk {vorpal, rPois rF+
                  | Int-2}
 20573 | Lair:3   | Got the Collected Works on the Vitriolic Frostbite
 20577 | Lair:3   | Learned a level 2 spell: Wereblood
 20657 | Lair:3   | Found a hole to the Spider Nest.
 20818 | Lair:3   | Reached skill level 5 in Shields
 21276 | Lair:4   | You are sucked into a shaft and drop 1 floor!
 21296 | Lair:5   | Reached ****** piety under Okawaru
 21359 | Lair:4   | Received a gift from Okawaru
 21367 | Lair:4   | Found a runed translucent gate.
 21368 | Lair:4   | Found a runed translucent gate.
 21369 | Lair:4   | Found a runed translucent gate.
 21369 | Lair:4   | Noticed Pooter's ghost (adept MiBe)
 21370 | Lair:4   | Noticed a minotaur
 21410 | Lair:5   | Reached skill level 15 in Throwing
 21495 | Lair:5   | Reached skill level 1 in Transmutations
 21651 | Lair:5   | Received a gift from Okawaru
 21726 | Lair:5   | Found a runed translucent door.
 21727 | Lair:5   | Found a viscous altar of Jiyva.
 21727 | Lair:5   | Found a staircase to the Slime Pits.
 22126 | Lair:5   | Received a gift from Okawaru
 22527 | Lair:6   | Entered Level 6 of the Lair of Beasts
 22544 | Lair:6   | Received a gift from Okawaru
 22572 | Lair:5   | Reached XP level 14. HP: 94/133 MP: 16/21
 22753 | Lair:5   | Reached skill level 5 in Air Magic
 22855 | Lair:5   | Received a gift from Okawaru
 23398 | Lair:6   | Reached skill level 1 in Evocations
 24157 | Lair:5   | Upgraded the game from 0.28-a0-687-gb91baff9cc to
                  | 0.28-a0-691-gad6df49e81
 24251 | Lair:4   | Found a staircase to the Swamp.
 24795 | Lair:4   | Received a gift from Okawaru
 24802 | Lair:4   | >:(
 25141 | Lair:6   | Found a snail-covered altar of Cheibriados.
 25151 | Lair:6   | Identified the ring of Otuu {rPois Will+ Slay+4}
 25155 | Lair:6   | based?
 26342 | D:10     | Entered Level 10 of the Dungeon
 26500 | D:10     | Reached XP level 15. HP: 134/143 MP: 24/24
 26588 | D:10     | Found a white marble altar of Elyvilon.
 26865 | D:10     | Found a runed translucent door.
 26865 | D:10     | Found a shimmering altar of Xom.
 26865 | D:10     | Noticed dracfodder's ghost (journeyman GrBe)
 27244 | D:11     | Found a staircase to the Orcish Mines.
 27328 | D:11     | Identified the +11 glaive "Ogre's Doom" {speed, Str+3 Dex+6
                  | Stlth+}
 27329 | D:11     | holy shit
 27329 | D:11     | almost tempting
 28290 | D:12     | Noticed Rupert
 28292 | D:12     | Noticed Snorg
 28483 | D:12     | Killed Snorg
 28604 | D:12     | Found a runed translucent door.
 28798 | D:13     | Noticed Erolcha
 28802 | D:13     | Killed Erolcha
 28803 | D:13     | Reached skill level 16 in Throwing
 28935 | D:13     | Reached skill level 5 in Spellcasting
 29092 | D:13     | Found a sacrificial altar of Ru.
 29189 | D:13     | Received a gift from Okawaru
 29238 | D:13     | Found a gate to the Vaults.
 29339 | D:13     | Reached skill level 10 in Polearms
 29567 | D:13     | Found Icvarerace's Weapon Boutique.
 29617 | D:14     | Received a gift from Okawaru
 30307 | D:15     | Entered Level 15 of the Dungeon
 30325 | D:15     | Received a gift from Okawaru
 30577 | D:15     | Found a staircase to the Depths.
 30794 | D:15     | Identified the +3 robe of Cowardice {rPois Int+4}
 30929 | D:15     | Received a gift from Okawaru
 31330 | D:3      | Bought a +2 hat for 192 gold pieces
 31406 | D:1      | Bought a scroll of identify for 46 gold pieces
 31747 | Orc:1    | Entered Level 1 of the Orcish Mines
 31747 | Orc:1    | Found Ympometi's Book Boutique.
 31756 | Orc:1    | Reached skill level 5 in Armour
 31815 | Orc:1    | Bought a Young Poisoner's Handbook for 240 gold pieces
 31820 | Orc:1    | Learned a level 4 spell: Olgreb's Toxic Radiance
 31957 | Orc:2    | Entered Level 2 of the Orcish Mines
 31966 | Orc:2    | Found a staircase to the Elven Halls.
 32594 | Orc:2    | Found Esageik's General Store.
 32596 | Orc:2    | Found Gyinygg's Magic Scroll Shop.
 32685 | Orc:2    | Bought a potion of cancellation for 104 gold pieces
 32685 | Orc:2    | Bought a scroll of identify for 26 gold pieces
 33011 | Orc:2    | Reached XP level 16. HP: 148/154 MP: 26/26
 33022 | Orc:2    | Reached skill level 1 in Poison Magic
 33059 | Orc:2    | Reached skill level 17 in Throwing
 33219 | Orc:2    | Found Erorex's Jewellery Shoppe.
 33219 | Orc:2    | Found Arheob's Antique Armour Emporium.
 33220 | Orc:2    | Found a one-way gate leading to the halls of Pandemonium.
 33907 | Swamp:1  | Entered Level 1 of the Swamp
 34092 | Swamp:1  | Received a gift from Okawaru
 34236 | Swamp:1  | Received a gift from Okawaru
 34370 | Swamp:1  | Found a transporter.
 34386 | Swamp:1  | Found a bloodstained altar of Trog.
 34386 | Swamp:1  | Noticed AttackTheMoon's ghost (adept DjFE)
 34387 | Swamp:1  | Identified the +3 ring mail "Ofiom" {Str+2}
 34416 | Swamp:1  | Found a transporter.
 34808 | Swamp:2  | Received a gift from Okawaru
 34819 | Swamp:2  | >:(
 35018 | Swamp:2  | Noticed Mlioglotl
 35033 | Swamp:2  | Paralysed by accursed screaming for 1 turns
 35281 | Swamp:2  | Cast into level 2 of the Abyss (spriggan)
 35282 | Abyss:2  | oh
 35311 | Swamp:2  | Escaped the Abyss
 35655 | Swamp:3  | Killed Mlioglotl
 35722 | Swamp:3  | Learned a level 5 spell: Freezing Cloud
 36093 | Swamp:3  | Reached skill level 10 in Fighting
 36177 | Swamp:3  | Received a gift from Okawaru
 36419 | Swamp:4  | Entered Level 4 of the Swamp
 36522 | Swamp:4  | Received a gift from Okawaru
 36569 | Swamp:4  | Reached XP level 17. HP: 117/166 MP: 20/27
 36854 | Swamp:4  | Received a gift from Okawaru
 36855 | Swamp:4  | Reached skill level 18 in Throwing
 36969 | Swamp:4  | hmmm
 37052 | Swamp:4  | Received a gift from Okawaru
 37058 | Swamp:4  | Noticed the 27-headed Lernaean hydra
 37059 | Swamp:4  | hey lerny
 37071 | Swamp:4  | Killed the 27-headed Lernaean hydra
 37072 | Swamp:4  | based
 37083 | Swamp:4  | Reached skill level 5 in Poison Magic
 37087 | Swamp:4  | Identified the +1 tower shield "Xuxtousu" {rPois} (Okawaru
                  | gifted it to you on level 4 of the Swamp)
 37087 | Swamp:4  | Received a gift from Okawaru
 37153 | Swamp:4  | Got a decaying rune of Zot
 37284 | Swamp:4  | Identified the amulet of Noon {Faith *Slow Str+3 Dex+5}
 37828 | Lair:4   | Killed Pooter's ghost
 38498 | D:10     | Killed dracfodder's ghost
 38803 | Spider:1 | Entered Level 1 of the Spider Nest
 40015 | Spider:1 | Reached XP level 18. HP: 157/182 MP: 29/29
 40031 | Spider:1 | Learned a level 6 spell: Dispersal
 40144 | Spider:2 | Received a gift from Okawaru
 40850 | Spider:3 | Identified the +0 hat of the Disturbing Spirits {Harm
                  | *Corrode rPois Slay+2} (Okawaru gifted it to you on level 3
                  | of the Spider Nest)
 40850 | Spider:3 | Received a gift from Okawaru
 41079 | Spider:3 | Reached skill level 10 in Shields
 42287 | Spider:4 | Entered Level 4 of the Spider Nest
 42345 | Spider:3 | ow
 43418 | Spider:4 | Received a gift from Okawaru
 43708 | Spider:4 | Reached skill level 1 in Ice Magic
 43715 | Spider:4 | Reached skill level 1 in Conjurations
 43976 | Spider:4 | Got a gossamer rune of Zot
 44498 | Lair:1   | Learned a level 5 spell: Alistair's Intoxication
 44602 | D:12     | Killed Rupert
 44603 | D:12     | Reached skill level 19 in Throwing
 44657 | Vaults:1 | Entered Level 1 of the Vaults
 44907 | Vaults:1 | Reached XP level 19. HP: 195/195 MP: 32/32
 45032 | Vaults:1 | Received a gift from Okawaru
 45379 | Vaults:1 | Found Qont's Distillery.
 45387 | Vaults:1 | Bought a potion of resistance for 180 gold pieces
 45387 | Vaults:1 | Bought a potion of heal wounds for 90 gold pieces
 45387 | Vaults:1 | Bought a potion of invisibility for 144 gold pieces
 45387 | Vaults:1 | Bought a potion of brilliance for 72 gold pieces
 45451 | Vaults:1 | Identified the +1 hat of Picw {rC+}
 45484 | Vaults:1 | Found a radiant altar of Vehumet.
 45486 | Vaults:1 | Found the +0 mask of the Dragon {Will+ Slay+3 SInv}
 45515 | Vaults:1 | Identified the +3 robe "Xohej" {Stlth+}
 45516 | Vaults:1 | Identified the +1 robe of Apsyeskumi {rC- Str+5 Slay+2}
 45563 | Vaults:1 | Found the +6 lightning scales {swift, rElec}
 45606 | Vaults:1 | yo come on
 45807 | Vaults:1 | Received a gift from Okawaru
 46163 | Vaults:1 | Received a gift from Okawaru
 46535 | Vaults:1 | Received a gift from Okawaru
 46723 | Vaults:2 | Identified the +4 tower shield of Disappointment {rCorr
                  | Slay+3} (Okawaru gifted it to you on level 2 of the Vaults)
 46723 | Vaults:2 | Received a gift from Okawaru
 46724 | Vaults:2 | Reached skill level 1 in Invocations
 46880 | Vaults:2 | Found a flickering gateway to a bazaar.
 46904 | Bazaar   | Entered a bazaar
 46904 | Bazaar   | Found Jihaz's Assorted Antiques.
 46904 | Bazaar   | Found Uxeh's Antique Weapon Shop.
 46904 | Bazaar   | Found Lapsiff's Armour Shoppe.
 46906 | Bazaar   | Found Ymmyoptu's Assorted Antiques.
 46957 | Bazaar   | Bought a transparent pewter ring for 185 gold pieces
 46957 | Bazaar   | Identified the ring "Cit Omeadyo" {rC+ rN++ EV+4 Int-3
                  | SInv} (You bought it in a shop in a bazaar)
 46957 | Bazaar   | Bought a scroll of identify for 74 gold pieces
 46957 | Bazaar   | Bought a wand of mindburst (9) for 148 gold pieces
 46957 | Bazaar   | oooh
 46963 | Bazaar   | Bought a scroll of fear for 80 gold pieces
 46963 | Bazaar   | Bought a scroll of amnesia for 80 gold pieces
 46987 | Bazaar   | Bought a potion of cancellation for 296 gold pieces
 47400 | Vaults:2 | Reached skill level 5 in Transmutations
 47706 | Vaults:2 | Reached XP level 20. HP: 173/206 MP: 33/33
 47713 | Vaults:2 | Received a gift from Okawaru
 47731 | Vaults:2 | Received a gift from Okawaru
 48198 | Vaults:2 | Identified the ring "Jemoj" {Ice Int+3 Stlth+}
 48220 | Vaults:2 | Got the Handbook of Quantum Earth
 48221 | Vaults:2 | fucking finally
 48225 | Vaults:2 | Learned a level 3 spell: Portal Projectile
 48349 | Vaults:2 | Reached skill level 5 in Ice Magic
 48506 | Vaults:2 | Reached skill level 5 in Conjurations
 48582 | Vaults:2 | Found the +5 robe of Night {Dark Will+ SInv}
 48584 | Vaults:2 | oh
 48648 | Vaults:2 | Reached skill level 20 in Throwing
 48648 | Vaults:2 | Lost mutation: Your muscles are strong. (Str +2) [a shining
                  | eye]
 48655 | Vaults:2 | Reached skill level 1 in Hexes
 48655 | Vaults:2 | Noticed Xtahua
 48657 | Vaults:2 | sup
 48667 | Vaults:2 | Killed Xtahua
 49202 | Vaults:3 | Identified the +8 trident of Defence by Offence {flame,
                  | rElec rCorr}
 49231 | Vaults:3 | Received a gift from Okawaru
 49402 | Vaults:3 | Found a staircase to the Crypt.
 49812 | Vaults:3 | You are sucked into a shaft and drop 1 floor!
 49814 | Vaults:4 | Found a magical portal.
 49829 | WizLab   | Entered The Roulette of Golubria
 49829 | WizLab   | Found a transporter.
 49832 | WizLab   | Found a corrupted altar of Lugonu.
 49835 | WizLab   | Received a gift from Okawaru
 49837 | WizLab   | Found a corrupted altar of Lugonu.
 49874 | WizLab   | Found a transporter.
 49880 | WizLab   | Found a transporter.
 49902 | WizLab   | Found a transporter.
 49902 | WizLab   | Found a transporter.
 49944 | WizLab   | Found a transporter.
 49944 | WizLab   | Found a transporter.
 49975 | WizLab   | Found a transporter.
 49975 | WizLab   | Found a transporter.
 50015 | WizLab   | Found a transporter.
 50015 | WizLab   | Found a transporter.
 50063 | WizLab   | Found a transporter.
 50063 | WizLab   | Found a transporter.
 50097 | WizLab   | Found a transporter.
 50097 | WizLab   | Found a transporter.
 50138 | WizLab   | Found a transporter.
 50138 | WizLab   | Found a transporter.
 50176 | WizLab   | Identified the +2 robe of Aseafit {rPois rCorr Int+3}
                  | (Okawaru gifted it to you in a wizard's laboratory)
 50176 | WizLab   | Received a gift from Okawaru
 50179 | WizLab   | Found the +1 cloak of Starlight {*Dazzle EV+4 Stlth--}
 50188 | WizLab   | Got Golubria's Disquisition on Displacement
 50189 | WizLab   | Found a transporter.
 50192 | WizLab   | Identified the +2 cloak "Zypeybuj" {Rampage rC++ Int-4
                  | Dex+8}
 50193 | WizLab   | O_O
 50199 | WizLab   | Got the Grimoire of the Traveller
 50236 | WizLab   | Identified the +0 cloak of Hisis {*Slow rElec Will+ Slay+2}
 50282 | WizLab   | Found a transporter.
 50282 | WizLab   | Found a transporter.
 50291 | WizLab   | Found a corrupted altar of Lugonu.
 50790 | Vaults:4 | Learned a level 1 spell: Apportation
 50810 | Vaults:4 | Noticed Aizul
 50817 | Vaults:4 | Killed Aizul
 50825 | Vaults:4 | Reached skill level 15 in Fighting
 50825 | Vaults:4 | Reached XP level 21. HP: 201/218 MP: 35/35
 51113 | Vaults:4 | Noticed Bai Suzhen
 51122 | Vaults:4 | Killed Bai Suzhen
 51123 | Vaults:4 | lol owned
 52219 | Vaults:3 | Received a gift from Okawaru
 53286 | Depths:1 | Entered Level 1 of the Depths
 53333 | Depths:1 | bingo
 53500 | Depths:1 | bingo
 53984 | Depths:1 | ol
 53988 | Depths:1 | Found a gateway to Hell.
 53999 | Depths:1 | damn
 54031 | Depths:1 | Reached XP level 22. HP: 230/230 MP: 38/38
 54059 | Depths:1 | Received a gift from Okawaru
 54060 | Depths:1 | Reached skill level 21 in Throwing
 54226 | Depths:1 | Noticed a golden dragon
 54229 | Depths:1 | Killed a golden dragon
 55020 | Depths:2 | Received a gift from Okawaru
 55408 | Depths:2 | Found a blossoming altar of Fedhas.
 55666 | Depths:2 | Received a gift from Okawaru
 55971 | Depths:3 | You are sucked into a shaft and drop 1 floor!
 55971 | Depths:4 | Entered Level 4 of the Depths
 56145 | Depths:4 | Found an iron altar of Okawaru.
 56158 | Depths:4 | Received a gift from Okawaru
 56405 | Depths:4 | Found a gateway to a ziggurat.
 56747 | Depths:3 | Received a gift from Okawaru
 56754 | Depths:3 | Noticed a juggernaut
 56757 | Depths:3 | Killed a juggernaut
 56757 | Depths:3 | Received a gift from Okawaru
 56904 | Depths:3 | Noticed a caustic shrike
 57031 | Depths:3 | Reached XP level 23. HP: 240/240 MP: 40/40
 57063 | Depths:3 | Reached skill level 10 in Spellcasting
 57255 | Depths:3 | Found a one-way gate to the infinite horrors of the Abyss.
 57296 | Depths:3 | drip
 57435 | Depths:3 | based
 57658 | Depths:3 | Killed a caustic shrike
 57698 | Depths:3 | Received a gift from Okawaru
 57912 | Depths:3 | Noticed a golden dragon
 57916 | Depths:3 | Killed a golden dragon
 57949 | Depths:3 | Learned a level 2 spell: Passwall
 57954 | Depths:3 | Learned a level 4 spell: Dispel Undead
 57959 | Depths:3 | Learned a level 4 spell: Passage of Golubria
 58366 | Elf:1    | Entered Level 1 of the Elven Halls
 58386 | Elf:1    | Found a radiant altar of Vehumet.
 58389 | Elf:1    | Received a gift from Okawaru
 58398 | Elf:1    | Reached skill level 22 in Throwing
 58676 | Elf:1    | owned
 58778 | Elf:1    | Identified the +6 tower shield of Piegarej {+Inv rPois rC-
                  | rCorr} (Okawaru gifted it to you on level 1 of the Elven
                  | Halls)
 58778 | Elf:1    | Received a gift from Okawaru
 58864 | Elf:1    | Paralysed by an air elemental for 1 turns
 58981 | Elf:1    | Found a portal to a secret trove of treasure.
 59146 | Elf:1    | blade
 59146 | Elf:1    | demon blade
 59146 | Elf:1    | uck
 59146 | Elf:1    | godamnit
 59718 | Elf:2    | Found Nodwoul's Book Shop.
 59734 | Elf:2    | Bought a book of Burglary for 448 gold pieces
 59738 | Elf:2    | Learned a level 3 spell: Swiftness
 59810 | Elf:2    | Found a runed translucent gate.
 59810 | Elf:2    | Found a runed translucent gate.
 59810 | Elf:2    | Found a runed translucent gate.
 59855 | Elf:2    | Found Jyuvuv Ovveg's Assorted Antiques.
 59858 | Elf:2    | Bought a scroll of identify for 56 gold pieces
 59858 | Elf:2    | Bought a scroll of fear for 98 gold pieces
 59858 | Elf:2    | Bought a scroll of teleportation for 84 gold pieces
 59858 | Elf:2    | Bought a scroll of identify for 56 gold pieces
 59908 | Elf:2    | Found Ofimieng's Book Shoppe.
 59926 | Elf:2    | Identified the +6 long sword of Cisa {vorpal, rN+ Dex+4
                  | Stlth+}
 59927 | Elf:2    | Found Dupleite's Antique Armour Shop.
 59963 | Elf:2    | Found Xuekerche's Assorted Antiques.
 59982 | Elf:2    | Bought a potion of curing for 87 gold pieces
 59982 | Elf:2    | Bought a scroll of teleportation for 87 gold pieces
 59982 | Elf:2    | Bought a scroll of enchant armour for 217 gold pieces
 60279 | Elf:3    | Entered Level 3 of the Elven Halls
 60282 | Elf:3    | Found Wuvvum's Armour Boutique.
 60284 | Elf:3    | Found Daofol's Weapon Shop.
 60286 | Elf:3    | Found Fyuhasch's Antique Armour Emporium.
 60304 | Elf:3    | Identified Roxanne's Incunabulum of Shape Shifting
 60304 | Elf:3    | Noticed Roxanne
 60330 | Elf:3    | Killed Roxanne
 60834 | Elf:3    | Identified the +0 robe of Raotyulu {Str+2 Int+4} (Okawaru
                  | gifted it to you on level 3 of the Elven Halls)
 60834 | Elf:3    | Received a gift from Okawaru
 60835 | Elf:3    | Found Jorentud's Specific Store.
 60839 | Elf:3    | Found Urchih's General Store.
 60843 | Elf:3    | Bought a scroll of teleportation for 63 gold pieces
 60843 | Elf:3    | Bought a potion of heal wounds for 105 gold pieces
 60843 | Elf:3    | Bought a scroll of brand weapon for 420 gold pieces
 61293 | Elf:3    | Identified the +5 battleaxe of Peril {protect, rPois Str+4}
 61293 | Elf:3    | Identified the ring "Xick" {rC+ Str+7}
 61358 | Elf:3    | Reached XP level 24. HP: 209/246 MP: 37/41
 61368 | Elf:3    | Reached skill level 10 in Air Magic
 61440 | Elf:3    | Identified the ring "Neexima" {rPois rCorr Slay+6}
 61440 | Elf:3    | O_O
 61554 | Elf:3    | SLAY
 61555 | Elf:3    | BLOOD
 61555 | Elf:3    | BLOOD
 61556 | Elf:3    | BLOOOOOOOOOOOOOOOOOOOOOOOOOOOOD
 61590 | Elf:3    | Identified the +4 scale mail of Vuguc {Int+7 Dex+2}
 61645 | Elf:3    | O_O
 61705 | Elf:3    | reflection is goddamn based
 61775 | Elf:3    | Reached skill level 10 in Translocations
 61906 | Elf:3    | Got the Volume of Calling
 61911 | Elf:3    | Identified the +3 dagger "Uxoipi" {spect, rN+ SInv}
 62238 | Orc:1    | Bought a book of the Dragon for 552 gold pieces
 62707 | Lair:1   | fucking finally
 62708 | Lair:1   | what the fuck
 63497 | Elf:1    | You paid a toll of a +6 demon blade to enter a treasure
                  | trove
 63498 | Trove    | Entered a treasure trove
 63500 | Trove    | Found a bloodstained altar of Trog.
 63516 | Trove    | Identified the +6 trident "Beetlebane" {drain, Fly Str+2
                  | Dex+2}
 63527 | Trove    | Identified the +6 spear of Arrival {drain, Stlth+}
 63537 | Trove    | Identified the +8 flail of Fyocweb {pain, rCorr Int-3
                  | Dex+5}
 63554 | Trove    | Found the +8 storm bow {elec, penet}
 63558 | Trove    | >:(
 63561 | Trove    | Identified the +0 halberd of Past Mistakes {holy, rF- Will+
                  | Str+3 Dex+4}
 63914 | Crypt:1  | Entered Level 1 of the Crypt
 63981 | Crypt:1  | Found an ancient bone altar of Kikubaaqudgha.
 64220 | Crypt:1  | Received a gift from Okawaru
 64301 | Crypt:1  | Found a transporter.
 64301 | Crypt:1  | Noticed Vyamogif's ghost (veteran FoFi)
 64731 | Crypt:1  | Received a gift from Okawaru
 64854 | Crypt:1  | >:(
 64976 | Crypt:1  | Found a transporter.
 65299 | Crypt:2  | Identified the +2 robe "Izoups" {Harm} (Okawaru gifted it
                  | to you on level 2 of the Crypt)
 65299 | Crypt:2  | Received a gift from Okawaru
 65475 | Crypt:2  | Reached skill level 5 in Stealth
 66272 | Crypt:2  | Noticed Donald
 66273 | Crypt:2  | sup
 66276 | Crypt:2  | Killed Donald
 66339 | Crypt:2  | Found a basalt altar of Yredelemnul.
 66630 | Crypt:3  | Entered Level 3 of the Crypt
 66645 | Crypt:3  | RRRRRRRRRRRRRRRRR
 67351 | Crypt:3  | Reached XP level 25. HP: 263/263 MP: 33/44
 67710 | Crypt:3  | Found an ancient bone altar of Kikubaaqudgha.
 67771 | Crypt:3  | Got Maros's Incunabulum of Sinister Secrets
 67790 | Crypt:3  | Noticed an ancient lich
 67795 | Crypt:3  | Killed an ancient lich
 67795 | Crypt:3  | Received a gift from Okawaru
 68152 | Crypt:3  | Found a staircase to the Tomb.
 68152 | Crypt:3  | Noticed a dread lich
 68160 | Crypt:3  | Killed a dread lich
 68445 | Crypt:3  | Identified the +1 trident of Kanuluh {venom, Str+2 Stlth+}
                  | (Okawaru gifted it to you on level 3 of the Crypt)
 68445 | Crypt:3  | Received a gift from Okawaru
 68739 | Crypt:3  | Identified the amulet of Rake {Regen+ Dex+2}
 68867 | Crypt:3  | Identified the amulet of Itwoj {rC+ Regen+ Slay+2 Stlth+}
 68867 | Crypt:3  | Identified the ring of Vaagou {rPois rN+}
 68867 | Crypt:3  | Identified the ring of Nanaet {rN+ Str+7}
 68869 | Crypt:3  | oh
 68869 | Crypt:3  | OH
 68869 | Crypt:3  | OH
 68869 | Crypt:3  | HAHA YES
 68883 | Crypt:3  | hahahhahaahahahahaha
 68883 | Crypt:3  | >:)
 69468 | Vaults:5 | Entered Level 5 of the Vaults
 69555 | Vaults:5 | Noticed a dread lich
 69614 | Vaults:5 | FUCK
 69922 | Vaults:5 | Received a gift from Okawaru
 69989 | Vaults:5 | Received a gift from Okawaru
 70077 | Vaults:5 | Received a gift from Okawaru
 70167 | Vaults:5 | Reached skill level 15 in Spellcasting
 70206 | Vaults:5 | Killed a dread lich
 70334 | Vaults:5 | Received a gift from Okawaru
 70406 | Vaults:5 | damn
 70467 | Vaults:5 | Reached XP level 26. HP: 276/276 MP: 46/46
 70510 | Vaults:5 | Got a silver rune of Zot
 70511 | Vaults:5 | woot
 70521 | Vaults:5 | Identified the +3 plate armour of Dehumiat {rPois rC+
                  | Str+2}
 70722 | Vaults:5 | Noticed an ancient lich
 70730 | Vaults:5 | Killed an ancient lich
 70845 | Vaults:5 | Reached skill level 10 in Conjurations
 70845 | Vaults:5 | Identified the +4 flail of Beqix {vorpal, Dex+4 SInv}
 70874 | Vaults:5 | Got Sif Muna's Catalogue of Aerial Unholy Rituals
 71178 | Vaults:5 | Identified the ring "Hiesom" {Contam +Blink EV+4 Str+7}
 71784 | D:13     | BLOOD
 71784 | D:13     | BLOOOD
 71784 | D:13     | oh
 71784 | D:13     | whatever
 71784 | D:13     | lets go do slime
 71784 | D:13     | also lets get some coffee
 72083 | Slime:1  | Entered Level 1 of the Pits of Slime
 72477 | Slime:2  | SLIME
 72477 | Slime:2  | BLOOD
 72606 | Slime:3  | wtf
 73140 | Slime:4  | Identified the +0 hat "Gossunoi" {+Blink Str+3 Dex-4}
                  | (Okawaru gifted it to you on level 4 of the Pits of Slime)
 73140 | Slime:4  | Received a gift from Okawaru
 73397 | Slime:5  | Entered Level 5 of the Pits of Slime
 73588 | Slime:5  | Noticed the Royal Jelly
 73604 | Slime:5  | Killed the Royal Jelly
 73605 | Slime:5  | owned
 73605 | Slime:5  | headshot
 73791 | Slime:5  | Found the -2 hat of the Alchemist {rElec rPois rF+ rC+ rN+
                  | Will+ rMut rCorr}
 73795 | Slime:5  | Identified the amulet of Zatuh {Reflect -Tele rElec Int+3
                  | Dex+7 SH+5}
 73797 | Slime:5  | oh
 73799 | Slime:5  | Identified the ring of Honesty {Fire *Slow rElec rN+
                  | Stlth+}
 73804 | Slime:5  | Got the Tome of Feathers
 73823 | Slime:5  | >:)
 73829 | Slime:5  | Identified the +1 glaive of Trial by Ordeal {vamp, rElec
                  | Int+3}
 73852 | Slime:5  | Identified the ring of Boesec {rN+ EV+4 Int+3}
 73877 | Slime:5  | Got A Beginning Course on Spellcraft
 73889 | Slime:5  | Identified the +6 battleaxe of Dividends {drain, rPois
                  | rCorr}
 73894 | Slime:5  | Got a slimy rune of Zot
 73935 | Slime:5  | Identified the +5 war axe "Castimyrch" {pain, Will- rCorr
                  | Str+8 Dex+10}
 73962 | Slime:5  | boink
 74044 | Slime:5  | yeah that's ok
 74077 | Slime:5  | *checking notes* yeah +6 slaying is still good
 74096 | Slime:5  | Learned a level 4 spell: Cause Fear
 74102 | Slime:5  | Learned a level 5 spell: Silence
 74508 | Orc:2    | Bought a potion of haste for 130 gold pieces
 74508 | Orc:2    | Bought a scroll of teleportation for 39 gold pieces
 74508 | Orc:2    | Bought a wand of iceblast (9) for 169 gold pieces
 74510 | Orc:2    | Bought a scroll of teleportation for 33 gold pieces
 74510 | Orc:2    | Bought a scroll of teleportation for 33 gold pieces
 74510 | Orc:2    | Bought a scroll of blinking for 82 gold pieces
 74510 | Orc:2    | Bought a scroll of fog for 22 gold pieces
 74510 | Orc:2    | Bought a scroll of magic mapping for 38 gold pieces
 74634 | Elf:2    | Bought a potion of ambrosia for 232 gold pieces
 74648 | Elf:2    | Bought a book of Chaos for 700 gold pieces
 75247 | Depths:4 | Found a gate to the Realm of Zot.
 75531 | Zot:1    | Entered Level 1 of the Realm of Zot
 75532 | Zot:1    | hisssssssssssssss
 75532 | Zot:1    | PISSSSSSSSSSS
 75553 | Zot:1    | Reached skill level 1 in Slings
 75586 | Zot:1    | Found a transporter.
 75592 | Zot:1    | Identified the +2 robe of the Equator {+Inv}
 75802 | Zot:1    | Reached skill level 10 in Transmutations
 75867 | Zot:1    | Reached skill level 10 in Stealth
 75922 | Zot:1    | Found a transporter.
 75924 | Zot:1    | Found the amulet of the Air {Inacc Air Fly rElec RMsl}
 75948 | Zot:1    | Reached XP level 27. HP: 287/287 MP: 48/48
 75950 | Zot:1    | nope
 75950 | Zot:1    | NOPE
 76147 | Zot:1    | Identified the amulet "Fioge" {Spirit rN+}
 76326 | Zot:1    | Noticed an orb of fire
 76327 | Zot:1    | npoe
 76362 | Zot:2    | Identified the +3 storm dragon scales "Pase" {rElec rF+}
                  | (Okawaru gifted it to you on level 2 of the Realm of Zot)
 76362 | Zot:2    | Received a gift from Okawaru
 76366 | Zot:2    | Reached skill level 5 in Hexes
 76368 | Zot:2    | oh
 76369 | Zot:2    | getting warmer okie
 76390 | Zot:2    | Noticed an orb of fire
 76391 | Zot:2    | REEEE
 76502 | Zot:2    | Reached skill level 10 in Armour
 76504 | Zot:2    | Noticed an orb of fire
 76514 | Zot:2    | Killed an orb of fire
 76545 | Zot:2    | Identified the +1 quarterstaff of Diroquof {vorpal, Int+3}
 76810 | Zot:2    | Killed an orb of fire
 76978 | Zot:2    | Reached skill level 10 in Ice Magic
 77068 | Zot:2    | You are sucked into a shaft and drop 1 floor!
 77069 | Zot:3    | fucking
 77069 | Zot:3    | FUCK
 77247 | Zot:2    | hello
 77658 | Zot:2    | Received a gift from Okawaru
 77662 | Zot:2    | >:(
 78742 | Zot:4    | Identified a scroll of acquirement
 78750 | Zot:4    | Acquired 516 gold pieces
 79869 | Zot:5    | Entered Level 5 of the Realm of Zot
 79871 | Zot:5    | lets go
 80438 | Zot:5    | ow
 80662 | Zot:5    | Noticed a dread lich
 80663 | Zot:5    | bopw
 80687 | Zot:5    | Noticed an ancient lich
 80691 | Zot:5    | Killed an ancient lich
 80772 | Zot:5    | Noticed an orb of fire
 80781 | Zot:5    | Noticed an ancient lich
 80782 | Zot:5    | Killed an orb of fire
 80784 | Zot:5    | Killed an ancient lich
 80787 | Zot:5    | Killed a dread lich
 80787 | Zot:5    | Received a gift from Okawaru
 80789 | Zot:5    | based
 80790 | Zot:5    | thank you okie
 80804 | Zot:5    | Noticed an orb of fire
 80809 | Zot:5    | Killed an orb of fire
 80813 | Zot:5    | woot
 80816 | Zot:5    | Identified the +1 hat "Plog" {Slay+3} (Okawaru gifted it to
                  | you on level 5 of the Realm of Zot)
 80816 | Zot:5    | Received a gift from Okawaru
 80820 | Zot:5    | lol
 80820 | Zot:5    | the hat of pog
 80840 | Zot:5    | lol
 80840 | Zot:5    | sure
 80858 | Zot:5    | Noticed an orb of fire
 80874 | Zot:5    | Gained mutation: You occasionally shout uncontrollably at
                  | your foes. [an orb of fire]
 80878 | Zot:5    | Killed an orb of fire
 80991 | Zot:5    | oh fuck me
 81005 | Zot:5    | Noticed an orb of fire
 81012 | Zot:5    | Killed an orb of fire
 81037 | Zot:5    | Noticed an orb of fire
 81040 | Zot:5    | Killed an orb of fire
 81056 | Zot:5    | whoops
 81062 | Zot:5    | Got the Orb of Zot
 81217 | Depths:1 | Noticed Buedotui the pandemonium lord
 81231 | Depths:1 | Killed Buedotui the pandemonium lord
 81566 | D:1      | \o/
 81567 | D:$      | Escaped with the Orb!

Illustrated notes ...≈≈≈≈. ##≈≈≈≈≈ #≈≈≈≈≈ ##(≈≈≈ #.≈≈≈≈ #.≈≈≈≈ # #.≈≈≈≈ ####.#### #########≈≈≈ #......@## #.......#≈≈≈ #.##.##..## #.#...#.#≈≈≈ #......###.#.#....≈≈≈ #....#........†...#.≈≈≈≈ #r.. ####.###.#####.≈≈≈≈ #.. #####.#####.≈≈≈≈ #. ........≈≈≈≈≈ # ########≈≈≈≈≈ #≈≈≈≈≈. Turn 3414 on D:3: lol #.#.###.#.#.##### #..#..##### #.#.......#.# #..#..# #.#####.#.#.###. ##.#..# #.# #........#.. #.#..##### #.###.#.#.#.... #.#..##... ###.).....#....#. #.#..#.... ......?........# ##.......>. ###>..).......#### #.....#.... ....#.#.#.....#.@# #.###..#..## #####.#.#.#...#.## ............# #.#.#.#...#.# ###.###..#.... #####.#.#.##....# ............# ......#.#.##..#.######.###.#....# #######.#.###.#............#..### .# #.....#.#.######.##..#..# .########.#.#...#..........#..### ........#.#.#...#.####.##........ Turn 7637 on D:5: sick ,*##........#.(## ##.## ,*#.......###..# #..# ,*#.>.....#*#.## ##.## **#.......#*..# #..# ###.......##.(# ##.## #........(##..###.## ##..##...(.(..##..# #..#*#.........#..# #..# ##.......(.@.##### #..###................# ...................##.# ......................# ..........<.......#..## .................##### ................## ........#>.....## ....###.##.....# Turn 9049 on D:6: lol ,,,,,,,,****#.## ##.......## ,,,,,,,,* #..# ###...###.## ,,,,,,,,* ##..####....## ##.# ,,,,,,,,* ##...........# #..# ,,,,,,,,*##........#.(## ##.## ,,,,,,,,*#.......###..# #..# ,,,,,,,,*#.>.....###.## ##.## **,******#.......##..# #..# **+** ###......@##.(# ##.## ,,,,* #.........##..###.## ,,,** ##..##........##..# ,,,* #..#*#.........#..# #.#* #..# ##...........##### #..* ##..###................# *#.## #...................##.# #..###......................# #...#...........<.......#..## Turn 9062 on D:6: REEE ....#+###......#...*......,,,,* ....#,,,#......#...+......,,,,* ....#,,,#......#,..#....,,,,,,* ....+,,,#.)....#,,.(..,,,,,,,,* ....#####..)...####.#********** ...##...#...........# ...#....#........)..# ...#..).#....(......# ...#....'.......@...# ...#.##.#...........# ####.######.....##### ......# #.....# ......# #.....# ......# #.....# ......# #.....# ####### #.....# ####### Turn 10728 on D:7: sick ≈≈≈≈..≈≈≈.....≈≈≈..≈≈≈ #... #≈≈≈≈.≈≈≈.........≈≈≈.≈≈ #..) #≈≈≈≈.≈.........((((≈.≈≈≈ #..) #≈≈≈.≈≈.⌠........(⌠.≈≈)≈≈ #..) #≈≈≈.≈.............(.≈)≈ #..⌠ #≈≈.≈≈....≈≈≈≈≈≈≈..).≈≈) #.)# #≈≈.≈...≈≈≈≈≈≈≈≈≈≈≈...#####..# #≈≈.≈..≈≈≈)≈≈≈≈≈≈≈≈≈......'..# #≈≈....≈≈≈≈≈?@)≈≈≈≈≈....).'..# #≈≈.≈..≈≈≈≈≈≈≈≈≈)≈≈≈......'..# #≈≈.≈...≈≈≈≈≈)≈≈≈≈≈...#####..# #≈≈.≈≈....≈≈≈≈≈≈≈....≈≈)≈≈#..# #≈≈≈.≈....)..........≈.≈≈≈#.)⌠ #≈≈≈.≈≈.⌠.........⌠.≈≈.≈≈≈#... #≈≈≈≈.≈.............≈(≈≈≈≈#... #≈≈≈≈.≈≈≈.........≈≈≈(≈≈≈≈#... #≈≈≈≈≈..≈≈≈.....≈≈≈((≈≈≈≈≈#... Turn 13590 on Bailey: based? *,****,,,..#.#..####.........##.. *,,,,,***###.#.## *,#......#..#' ******,,,,,..#.# #..#....#..... ,,,,,,*#######.# #...#..#...... ******,........#####..)..#....... ,,,,,,,...........##....##..).... *****,,..........###..#.,##...... ***#########.# #.#.*,*#...... ###@###..#,,*#.....# #.....##.,,,*#.....# #.....#,,,,,*#.....# #....#..#,,,*#.....# #...#....#,,*#.....# #..#......#,*#####.# ###,.......,* #.# **#######** #.# #.# Turn 14122 on D:8: >:( .......≈P♣≈P....).)(P...# ........P≈≈≈≈...≈P≈)≈..## ........≈P≈≈S.P≈≈≈≈≈≈..# ......##.P♣≈≈≈PPP♣≈(≈..# .<.......PP♣≈P≈≈≈♣♣≈...## )).......P≈≈♣♣P♣≈♣≈≈....# ).........P≈≈≈♣♣≈≈≈≈...## ..........P.≈≈♣≈♣PP...## ............≈≈≈≈@P..### ........##.PP≈≈≈P≈P.# .......####≈≈P≈PP≈..# .##....# ##P.PP...## ...#...# ####...## ...#.### ##### ...#.. ...# # ...# Turn 15127 on D:9: yes ...#.......#..:......... ...##.........##......... ...........#............. #..≈P.P..).#...≈PP....... ##.P≈≈P..)####≈≈≈P....... ...≈≈P≈P.###..≈≈≈≈.....# ..#PPP≈≈≈.....≈≈♣P...### ....≈P♣≈P....).)≈P...# .....P≈≈≈≈...≈P≈@≈..## .....≈P≈≈≈.P≈≈≈≈≈≈..# ...##.P♣≈≈≈PPP♣≈≈≈..# ......PP♣≈P≈≈≈♣♣≈...## ......P≈≈♣♣P♣≈♣≈≈....# .......P≈≈≈♣♣≈≈≈≈...## .......P.≈≈♣≈♣PP...## .........≈≈≈≈≈P..### .....##.PP≈≈≈P≈P.# Turn 15141 on D:9: UNCLE OKIES WILD CHUCK RIDE HERE WE GO ################################ #8# #8##≈...............≈##8# ### ####8.8.8..©.©..8.8.8#### #≈...............≈# ###.#.#######.#.### #.#....#....#.# #.#.##.#.##.#.# #.......).....# #.#..##@##..#.# #.#..#8.8#..# # #....#...#.... ###8.#8.8#.8### ####[.÷#### #8.8# #†.[# #8∩8# ##### Turn 17391 on Gauntlet: O_O ...#.#.#.# #####.....#.#. ...#.....###########.........#.#. .>.................'.......∩.∩... .....#.#.###########...........## .......#.##......###....#+#∩.∩.## .....#.#.##.......###.....###..## ...#.#.#.##........##....## ##.## ...#+#.#.##....#+#.###.#.## #.## .......#.###...+@'.# #.#..# #.## .......#.# #...#'### #.#..####.## .......#.# #.....# ##+#....##... .......#.###....## #.......##... ####'#..........# #.......##... #.###.###.#### #.......###.. #.###.###.########.)......##.. #.......#.................##.. #######.........####......##.. Turn 19094 on D:1: hell yeah P. .. #(. # #.# P.# ##.# #..# #.## #####..# ##### P###..#.@#### #.#.###### .........##.####....#.#P# ......................... .........#.#P.#.#P.#.P##. .........################ ########.P# #S#.## .#.##.#..#.# ### ######.+...#./##.# ##.### ##### Turn 24802 on Lair:4: >:( ..#.......######.##.#.....#.#.... .#.#..........##..###.#.....#.... .###...#....###..#.##.#....###... .#.....#...##..#.#.##.#....##.... .P.....#..##.###≈#,##.#.....##... ..†...#...#.**##≈#≈*#.#.......... ..........#,**#≈†#≈*#.#.........P ##......#.#,*#≈#.#≈*#.#####.#...P ####.###..#,*#≈#@#≈**,* *.###### ### *..#,*#≈#.#≈**,* ##* **.#,**≈#≈≈***,* **,*,**≈#≈##**,* *,,*,**,#≈#**,** *,,,,,*,#.#,,** **,,***,#..*** *,,,***..#* *,,,****,* Turn 25155 on Lair:6: based? .# ###.### #####..(..#### #......8...... #............. ##.......?..... #.............. ..8....@>.....8 ............... .#............. #............. #......8...... #####.....#### ##..### #.#####.##.#### ##....##....)..# Turn 27329 on D:11: holy shit ..♣. ≈.≈≈.. .§≈ ♣.≈≈.. >≈. ≈ ($≈≈ .§♣ ≈≈ ♣..♣ ♣≈≈♣ .≈.♣ ♣♣≈.♣ ...♣ ♣..≈≈ ♣.≈.♣♣$≈.♣ ♣....♣♣≈≈♣..≈♣ ♣≈≈.≈†@.≈≈♣♣ ♣♣♣≈≈.≈..≈♣ ♣♣≈♣≈≈.♣♣ ♣♣♣♣.♣.♣ ♣♣.♣♣ ♣♣ Turn 34819 on Swamp:2: >:( #### .#♣ ♣..#...≈. ♣@....# ♣.♣.###... #. ## ♣♣ Turn 35282 on Abyss:2: oh *** ***≈**** ♣♣♣♣ *≈≈≈,^,, *♣♣♣*** ♣♣♣.≈♣ *♣♣ *,≈≈≈,≈≈ ♣♣♣♣♣♣≈§≈.[* ♣≈§≈≈♣♣♣≈♣♣♣.,,≈≈≈≈ ♣♣≈....≈≈≈≈≈♣ ♣.≈≈♣♣≈≈§≈..≈,,,≈** .≈≈≈≈≈≈≈≈≈≈≈♣♣♣≈≈f≈♣.≈≈)≈..,,,≈≈, §≈§≈≈≈≈≈≈...♣♣§.@i(.((†(.§≈,,≈≈≈≈ ≈≈≈≈≈§≈≈≈≈≈..♣♣♣≈D(≈≈≈≈≈≈≈§≈≈,≈≈≈ ≈≈≈≈≈§≈≈≈≈≈≈.≈♣♣.≈≈.≈§≈≈≈≈≈≈≈≈≈,≈ ≈≈§≈≈≈..≈≈≈≈≈≈..D≈≈.≈≈≈..♣≈**≈≈,, ≈≈≈≈≈≈§.≈≈≈≈≈≈.≈§≈≈≈...(♣♣≈**,,≈* ≈≈≈≈§≈..≈≈≈≈≈.♣♣♣♣≈≈≈..≈♣**,,≈,,≈ ≈..≈≈≈.≈≈≈≈≈§.♣♣♣≈≈.≈♣≈♣♣ **^≈≈,* ≈...§.≈≈≈≈!..≈♣♣≈≈.≈.♣♣♣ *,≈≈,* ♣♣≈....≈≈≈≈≈≈♣♣§.§≈≈.♣♣♣♣*****≈≈≈ Turn 36969 on Swamp:4: hmmm ≈≈≈≈♣ ♣♣♣♣♣♣♣♣.≈####+#.≈,***,≈≈,, ≈≈≈.♣ ♣≈≈#≈....≈,,,*,,8,≈, ≈≈≈.♣ ♣≈≈#.8.8.(≈.,,,,≈8,, §≈§.♣ ♣≈......P.≈.,*,,,,,, §≈.≈♣ ♣.≈#..(.#≈≈,⌠*⌠,,,*, ≈≈.♣♣ ♣(...(##(##.****,*,, ≈≈.♣ ♣§.#...†#...⌠*⌠,,≈*, ...♣♣ ♣.≈...D.≈...,,,,,,,, ≈≈§(♣♣♣ ♣≈≈@.8.8.(..,,,,,8,, ≈≈≈..§♣ ♣.†#.≈≈.D.8.≈*≈,8≈,, ≈....≈♣ ♣♣.≈####'#...**,,≈,*+ ≈≈♣♣♣♣♣ ♣♣♣.[##,,,.k.8≈≈,,,8,+, ≈≈≈.♣ ♣♣≈≈≈.#,,,,,#...,*,,≈,*, ≈≈≈§♣ ♣.≈≈≈≈#,,,,,*.8k,,,≈,≈*, ≈≈.♣♣ ♣.≈≈≈§#,,,,,*≈..,≈,,,≈*, .≈♣♣♣* ♣♣...≈##,,,***,,*+*,**** ≈≈...♣ ♣<..≈≈#****≈≈≈,,≈,,≈≈≈* Turn 37059 on Swamp:4: hey lerny .≈≈≈≈≈≈.♣♣ ♣(...(##(##.*** ..≈≈≈≈≈.♣ ♣§.#.(.†#...⌠*⌠ ..≈≈≈...♣♣ ♣.°...≈.≈...,,, .≈≈≈≈≈≈§(♣♣♣ ♣≈°((8.8.(..,,, ≈≈≈≈≈≈≈≈..§♣ ♣°(#°§≈...8.≈*≈ .≈≈≈≈≈....≈♣ ♣♣k°####'#...**, ≈.≈§≈≈≈♣♣♣♣♣ ♣♣♣°°##,,,.n.8≈≈,, ≈≈≈≈≈≈≈≈.♣ ♣♣≈°°°#,,,,,#...,*, ≈≈≈≈≈≈≈≈§♣ ♣.@≈≈≈#,,,,,*.8k,,, ≈§≈≈.≈≈.♣♣ ♣.≈≈≈≈#,,,,,*≈..,≈, ≈≈≈≈≈.≈♣♣♣* ♣♣...≈##,,,***,,*+* ≈≈≈≈≈≈≈...♣ ♣<..≈≈#****≈≈≈,,≈, †≈≈≈≈≈♣≈≈.♣ ♣.≈≈.....♣******** ≈≈≈≈≈.♣♣♣♣♣ ♣♣≈♣≈..$.♣ ≈≈≈^≈≈♣ ♣♣≈§.≈.♣♣ .≈.♣♣♣♣ *♣♣≈≈♣♣ ♣♣♣♣ *♣♣♣ Turn 37072 on Swamp:4: based # #........#.# # ##.......### # #.....†..## ##...††...# ##......## ### ##..#.## ###.#### ##.###..## #...^..###^###....# ....###....##...@.# #....#####.#......# #....# #.#.....## .....## ###.#....# ......###.#.###..# .....#.##.^#.#...# .....##^.........# .....###.......### ....###.......## Turn 42345 on Spider:3: ow ...†.....###............ .⌠...⌠.....#............ .........###............ ...⌠....####............ .......####............. #.....####.............. ###'#####............... ........................ ................@......> ............#'#####..... #######.....#.# #.# ... #....##[###.## . #....#...#...# #...##...#...## #...#.###.###.# #..##.###.###.## #..'...#...#...# Turn 45606 on Vaults:1: yo come on ≈≈≈≈≈≈≈##....∩....##≈≈≈≈≈ ≈≈≈≈≈≈##...........##≈≈≈≈ ≈≈≈≈≈##.............##≈≈≈ ≈≈≈≈≈#...............#≈≈≈ ≈≈≈≈≈#...............#≈≈≈ ≈≈≈≈≈#.............∩.#≈≈≈ ≈≈≈≈≈#.∩.............#≈≈≈ ≈≈≈≈≈#...............#≈≈≈ ≈≈≈≈≈#....@.....∩....#≈≈≈ ≈≈≈≈≈##.............##≈≈≈ ≈≈≈≈≈≈##...........##≈≈≈≈ ≈≈≈≈≈≈≈##....∩....##≈≈≈≈≈ ≈≈≈≈≈≈≈≈##.......##≈≈≈≈≈ ≈≈≈≈≈≈≈≈≈#########≈≈≈≈≈≈ ≈≈≈≈≈≈≈≈≈≈≈≈≈≈≈≈≈≈≈≈≈ ≈≈≈≈≈≈≈≈≈≈≈≈≈≈≈≈≈≈≈≈≈ ≈≈≈≈≈≈≈≈≈≈≈≈≈≈≈≈≈≈≈ Turn 46957 on Bazaar: oooh ,,,,,*,,,,,* #...............#.. ,,,,,,,,,,,* #...............'.. ******+****** #...............#.. ,,,,,,,,,,,,* #...............#.. ,,,,,,,,,,,,* #...............#.. ,,,,,,,,,,,,* ##'###'###'###'##,. ,,,,,,,,,,,,* #...#..)#...#...#,, ,,,,,,,,,,,,* #...#.((#...#...#,, ,,,,,,,,,,,,* #$@.#...#...#...#,, ************* #/$)#=..#...#...#,, #################** Turn 48221 on Vaults:2: fucking finally #......# #...#).!#.. #......# #[..#...#.. #......# ##'###'###' #......# #.......... #......# #..)....... #......# #.......... *#######'#### #.......... *...........# #.......... *.....#..@..# #.......... *....*##....# #.......... *...,,......# #.......... *..*.....#..# #.......... *.*#.....##.# #.......... *,,#.[(..#,.# #.......... *,........,.# #.......... *,...###.,,.# #.......... *,,,,,*,,,,,* #.......... Turn 48584 on Vaults:2: oh *,..# *,,,,,,* **#.# *,,,,,,* ###.# *,,,,,,* *T(D# *,,,,,,* *,).# *,,,,,,* **#)# ******** ###.# #...# ####### #..@# #...... ###(# #...... ###.# #...... #...# #...... #...# #....<. ###.# #...... #.# ####### *#########'################ *............)............. Turn 48657 on Vaults:2: sup ##..###.#.©# .#. # ##...#.####../......### # .##.#.#.#..........(§§# # ..'##≈.##.....#.#[:..§# . ### ..#.#.#.##...##..#!..##. ##.. .##..8.≈©##...(_....##∩# ##... ##..#.#.##...#..##...## #.... ##.###.##§§§=.#.#.....# #.... #. ..#§§.[...@.....# ##... #. .####..(..§§.§### ##.. #. #.#.©#..[#.§§#©.# ### ## .##.#..###§§# ## # .#######∩#### # 8. ... # .#.#. ##.8..# #### #.# . Turn 50193 on WizLab: O_O ....# #.....# ******* ....# #.....# *,,,*,, .<..# #.....# *,*,*,* ***** #.....# *,,,*,, #.....########+***,* ********#.....'......+,,,,,, *,,,,,,,#.....#......+,*,*,* *,,,,,,,+.....#......#,,,,,, *,,,,,,,#.§@§.#......#****,* *,,,,,,,#.§[§.+......#,,,*,, *,,,,,,,#.§§§.+......#,*,*,* *,,,,,,,#..§§.########,,,+,, *,,,,,,,#.§§§.# ******* ********#...).# #.....# *************#..(((# ,,,,,,,,,,,,,,,,,,,* *********** Turn 51123 on Vaults:4: lol owned ######################## ........................ ................@....... #######..#########D.#### #..# .# #..# # #######..# .......... ........... ........... ............ Turn 53333 on Depths:1: bingo #.#..........................# #+###.......................... ....###.....#####.............. ......####..# #............# #...†##..# #............# .. ##.#..##.# #............# T ..T..##..#.#####..[.........# ♣...♣TD #..#................... ..> ... #..).((.@.............. ...♣.. #..#.####..####..#####. ...##..#.# #..# #..# ##.#D.##.# #..# #..# #.)..##..# #..# #..# .......### ... .... .... .....## .... ...... .... ##+# #..# ###..# Turn 53500 on Depths:1: bingo ########### #........... #........... #........... #........... ### ###........... ..2####.###............. 3)3....@................ ..[#...#÷............... #####....÷..####..... #####...# #..### ##..# #..# #..# #..# #..# #..### #..# #..... #..# #..... Turn 53984 on Depths:1: ol ##### #..... #..... #..... ###### #..... #)..≈# ### ###..... #÷..)####.###....... #∩.@..)............. #...[#...#÷......... #[.≈.#####....÷..### ###### #####...# ##..# #..# #..# #..# #..# Turn 53999 on Depths:1: damn . ....############# ## .......@........#######. ....###########.#.#.#.#. Q #........#.#.#.# #..........†.†.. +.........†'...# #.......####..#. #.......# #...# #.<.....# ##### #.......# Turn 57296 on Depths:3: drip #..................# #..# #.....#####........# ##.# ####### #........# .. ####'##.∩.# .#.# #.#..... .### #.#.....# .# #.# ..# ######.##...[# #.....@......# #........##### #. #........... #.. #.......####.# #. ######'## #.# #.. #.. Turn 57435 on Depths:3: based ..........=#.###.### .###.#####..)....... ..##.# ###.####### ..##.# ##'## .....# ##...## #.#.## ##.....## ....# ##...)...## #...####.........####... .......'........@)..)).( #...####.........#..)... ##..# ##[......## ###(# ##.# ##.....## #.#######...#.##.# ###.##...........#.. ....##.#####......## .#####)# ##.......# .## #.####.......... Turn 58676 on Elf:1: owned #.. ##.. .... ... #.# #### ##. ##.####@.## #....##....##...## ### .........#..##...## ##.## .......#.#.# ##...## ##.#.## ......##)#.# ##...####.###.## .....# #.).# ##...##.## ##.# #...#..# #.#)# ###.'#.## ##. #.#.### #.#)#####.###.## ## #.#.### #.#.).....# #..## ##. Turn 59146 on Elf:1: blade ###### ***############ #...#. ****,,...........#### #...#. ***,,,,**#.(..........### #...#. *,,,,***ee).e...@.......## #...#. ,,,,*,,e.e§#####.........# #...#. ,,,,*,,,#***,,,#..###....###...'. ,,,,,,***,,,,,,#...,#.....##...#. ,,*,,,,,,,,,,,,#....##....##...#. *,,,,,,,,,,,,,,##...###...##'###. *,,*,,,,,,,,,,,,#....*#...[#...#. *,,*,,,,****,,,,#....##....#...#. ,,**,,,** **,,,*#....###..#...#. Turn 61440 on Elf:3: O_O ,,,,#....##....##...#..#≈≈....# ,,,,##...###...##'###..#≈≈....# ,,,,,#....*#...[#...#..#≈≈....### *,,,,#....##....#...#..#≈≈....### **,,,##....###..#...#..#≈≈.....'. *,,,,#.....#...#...#..#≈≈....##. *,,,,##........#...#..#≈≈....##. **,,,,,###.....)#...#..#≈≈....#'. *,,,,,,,,####...@...#..#≈≈.....## ,,,,,,,,,,,,#####)).)..#≈≈....## ,,,,****,,⌠,+,,,#...#).#≈≈....# ,,,** **,,,*,,,#...#..#≈≈....# ,,,* *,,,*,,,###)#..#≈≈....# ,,,* *,,,*,,,#..)#..#≈≈....# # *,,** **,,**,,,#...#..#≈≈....### *,,,****,,,*,,,*#...#..#≈≈....#.. **,,,,,,,,**,,,*#...#..'......#.. Turn 61554 on Elf:3: SLAY ,,,,,#....#.....##...#..#≈≈....# ,,,,,#....##....##...#..#≈≈....# ,,,,,##...###...##'###..#≈≈....# ,,,,,,#....*#...[#...#..#≈≈....## **,,,,#....##....#...#..#≈≈....## **,,,##....###..#...#..#≈≈.....' *,,,,#.....#...#...#..#≈≈....## *,,,,##........#...#..#≈≈....## **,,,,,###.....@#...#..#≈≈....#' **,,,,,,,,####...[...#..#≈≈.....# ,,,,,,,,,,,,,#####)).)..#≈≈....## ,,,,,****,,⌠,+,,,#...#).#≈≈....# ,,,,** **,,,*,,,#...#..#≈≈....# ,,,,* *,,,*,,,###)#..#≈≈....# *,,,* *,,,*,,,#..)#..#≈≈....# **,,** **,,**,,,#...#..#≈≈....## ,*,,,****,,,*,,,*#...#..#≈≈....#. Turn 61555 on Elf:3: BLOOD ,,,,,,#....##....##...#..#≈≈....# ,,,,,,##...###...##'###..#≈≈....# ,,,,,,,#....*#...[#...#..#≈≈....# ***,,,,#....##....#...#..#≈≈....# **,,,##....###..#...#..#≈≈..... *,,,,#.....#...#...#..#≈≈....# *,,,,##........#...#..#≈≈....# **,,,,,###.....)#...#..#≈≈....# ***,,,,,,,,####.@.[...#..#≈≈..... ,,,,,,,,,,,,,,#####)).)..#≈≈....# ,,,,,,****,,⌠,+,,,#...#).#≈≈....# ,,,,,** **,,,*,,,#...#..#≈≈....# ,,,,,* *,,,*,,,###)#..#≈≈....# **,,,* *,,,*,,,#..)#..#≈≈....# ,**,,** **,,**,,,#...#..#≈≈....# ,,*,,,****,,,*,,,*#...#..#≈≈....# ,,**,,,,,,,,**,,,*#...#..'......# Turn 61556 on Elf:3: BLOOOOOOOOOOOOOOOOOOOOOOOOOOOOD ### ############### #.. ####.....°.......#### #.. ###..,.###)†.@)...)...### #.. ##....##.(.))).°.........## #.. #....E.§.!.)#####.........# #.. ##......e.####,,,#...##....###.. #.......###,,,,,,#....#.....##.. #...#..○☼...e..,,#....##....##.. *#.#...°○○......,,##...###...##'# *,,#..#°°☼......,,,#....*#...[#.. *,*#..#....####.,,,#....##....#.. Turn 61645 on Elf:3: O_O ############### ####.............### ###....###)†..)...)... ##....##."))))......... #.......)).)#####...... ##......).####,,,#...##. #......@###,,,,,,#....#. #...#..........,,#....## *#.#............,,##...## *.,#..#....)....,,,#....* *,*#..#....####.,,,#....# *,#..*#...## **,,,##.... *,#..*....# *,,,,#.... *,..,*....# *,,,,##... *,,,**,,,,** **,,,,,###. Turn 61705 on Elf:3: reflection is goddamn based #.........##........# ## ........####......### .......## ######## ...P...# ### #### ..(....# ####P## ###... .....(.### #####.....# ##..... .........#####.........## #...... ####......##............####..... ###.....#..<.@.........#...... ##...................###.... # ####...............###P.... ## ##...............####... .## #................# #... ..# ##...............# ##.. #.# #...............# ###. ### ###............## #... P# ##..........######..P Turn 62707 on Lair:1: fucking finally #.........##........# ## ........####......### .......## ######## ...P...# ### #### ..(....# ####P## ###... .....(.### #####.....# ##..... .........#####.........## #...... ####......##............####..... ###.....#..<.@.........#...... ##...................###.... # ####...............###P.... ## ##...............####... .## #................# #... ..# ##...............# ##.. #.# #...............# ###. ### ###............## #... P# ##..........######..P Turn 62708 on Lair:1: what the fuck ########### ##....∩....## #...........# #...#####...# ######..##...##..### #))..#..#.)...#..#). #.)@)'..'.....'..'.) #).).#..#.....#..#). ######..##)..##..### #...#####...# #...........# ##.........## ###.....### #.._..# #..)..# Turn 63558 on Trove: >:( ....... .># .....((.. .....###.# .....(.####.......# ....(.##.........#### ..Z..##.#........... #....##.#......####. #....##...........#. #....##.....#####.## #..@.###..).......# #....# #....####..# . ####.# #...)# ..### #.# #....# .....#######.######.####.### ##...........##................ .............#...)....#####.... ##.#...........#........# ## ........................# #. Turn 64854 on Crypt:1: >:( #....... .... #..# #....... .@.. #..# #.....## ......#..# #.....# #..#......#..# #.....# #..#......#..########.....# #..#......+...............# #.........................# #.#.#.#.#.#@#.............# #.............#########...# #..#.#.#.#.#..# #...# #.............# #...# #.....####....# #...# #....## #...## #...## #....# #...# #..... #....# #...# #.#### #....# #...# #.# Turn 66273 on Crypt:2: sup ≈≈≈...........≈ ≈≈.............≈ #≈≈≈≈.............≈≈ #≈≈≈...............≈ #≈≈≈................ #≈≈≈....)........... #≈≈≈................ #≈≈......@........≈ #≈≈≈.<)..........≈≈ #≈≈≈..<.....)....≈≈ ##≈≈≈..<........≈≈≈ ##≈≈≈.........≈≈≈≈ #≈≈≈≈≈..)..≈≈≈≈≈≈ ##≈≈≈≈≈≈≈≈≈≈≈≈≈≈≈ ###≈≈≈≈≈≈≈≈≈≈≈≈≈ ##≈≈≈≈≈≈≈≈≈≈≈≈ Turn 66645 on Crypt:3: RRRRRRRRRRRRRRRRR .##...#.............# ..#...'.[...........# ..#...[.............# ..#...#.............# #'################### 8.8###≈≈≈≈≈≈≈.......# .....##≈≈≈≈≈≈..####.# ......##≈≈≈≈≈≈≈#()#.# .......#≈≈≈≈≈#≈≈@}#.# .......##≈≈≈≈#≈≈.|#.# .......8#≈≈≈≈######.# .⌠......'...........# .......8#...........# .....################ .....'...'..).......# .....'...##########.# .....#....###≈....#.# Turn 68869 on Crypt:3: oh ##...#.............# .#...'.[...........# .#...[.............# .#...#.............# '################### .8###≈≈≈≈≈≈≈.......# ....##≈≈≈≈≈≈..####.# .....##≈≈≈≈≈≈≈#()#.# ......#≈≈≈≈≈#≈≈=@#.# ......##≈≈≈≈#≈≈.|#.# ......8#≈≈≈≈######.# ⌠......'...........# ......8#...........# ....################ ....'...'..).......# ....'...##########.# ....#....###≈....#.# Turn 68883 on Crypt:3: hahahhahaahahahahaha ################# .........@....... ................. ################. Turn 69614 on Vaults:5: FUCK ...#....##.#. ........#.#.# .......)...# #.....(.).############### ........).)))[))))))..).[ .....<<).).)..).|[[))).)[ ....<..<...)))!))))().)). .....<<...)).[........).. ##......@.############### .........).....# ...#....#...#..# .. #....#...# # . #....#...# #....##### #.... #.... Turn 70406 on Vaults:5: damn ..§..O....#........# §§#.§...O..............# §§#§pp.................. §§§§§#cp................ §§§§cp#..........#...... §§#§§.......$...[.#.(... §.#.§...........)..#.... D.#................(#... ..#.#.....#.....@....#... .p#..#.....#.............. ..#.........#..............##.... ..#.#..D.....#............#...... ..#..#........#..........#....... ..#...#.................#...#.... .(#....#...............#....#.... QH#.....#..#..........#.......... .........#..#........#......#.... Turn 70511 on Vaults:5: woot ##################### .................!..# ######### ....[...........(...# #....#... ....................# #....#... ....................#####....#... ........................#<...#... ....................##..#....'... ...............#######..#######.. ...######......#@....#..#.....##. ...# #......#.....#..#.....### ...# #......#.....#..#.....#.. ...# #(...>.#.....'..#.....#.. ...# #......#.....'..#.....#.. #### #......#######..#''####.. #######..###.....[............. #......................(......# #......#.....#######..#''####.. Turn 71784 on D:13: BLOOD ...... .## ## ......# ..# ..# .......##..##... ................ ....>.......<... ...............# ................ .......<@..# #............... ##.....#........ ###.........#.. #.#.#......... #....##....#... ##... ....#...# ###. ....##.## Turn 72477 on Slime:2: SLIME ## ####.## #.....# #.@.# #......# #......# ##......# .......# #.......# #JJJJJJJ# #........ Turn 72606 on Slime:3: wtf .........................#..# ........(...............##### .........................# .........................# .........(..J.........#### .........(.....J.....## ............J.......## ............JJJJJ....# .......J...JJJ.J@.#### ............J..J..# ....((...........## ................## ..<........#.#.## ........#.###### .......#### ..#..### #..### Turn 73605 on Slime:5: owned ...........##?|!##..##(} ##..... .........###/):|?....[:( ##.... ..........# /)=$......$} #..... .........# )/.:....).$ ##.... .........#####.......... #.... ..........#............. .... ............#........... ... ..........####.......... .. .........## #().@....|.) .. .........# #?[:}......$= .. .........###(:[=)....([φ . ..........###(=?##..##?| .. ...........###$)$#.## ! ##...... ............###$# ..# ........ ..............#####.#####........ ..............##....##.#......... <................................ Turn 73797 on Slime:5: oh ..............##$$$ .## ##.... .............##?|!##..##(} ##... ...........###/):|?....[:( ##.. ............# /)=$......$} #... ...........# )/.:....).$ ##.. ...........#####.......... #.. ............#............. .. ..............#........... . ............####@......... ...........####.)......|.) ...........# #?[.}......$= ...........###(.[=)....([φ ............###(=.##..##?| .............###.).#.## ! ##.... ..............###.##..# ...... ................#####.#####...... ................##....##.#....... Turn 73823 on Slime:5: >:) ............##.)=........}..##... ...........# ##)..:....)...####.. ...........#####..........#####.. ............#................# .. ..............#............#..... ............####..........## ##. ...........####.)......|.).## ...........# #?[.}.......=![# ...........###(.@[)....([.|?# ............###(=.##..##.|(## .............###.).#.##...###.... ..............###.##..##.##...... ................#####.#####...... ................##....##.#....... ..<.............................. ................................. ##............................... Turn 73962 on Slime:5: boink ###......................# .........................### ...........................## ............................# ...........................## ............................# .........................<..##### ...............................#. ^...............@................ ................................. ................................. ................................. ..............##.#............... ........#####.#####.............. .......##=##..##)###............. ......##...#.##[.(###............ .....##.|.##..##(}[###........... Turn 74044 on Slime:5: yeah that's ok

.##..##(}[###................###
|.....[.().###.................#
........}..##.................#
.:....)...####................###
.........#####..................#
............#...................#
..........#....................##
.........#####...................
......|.).###...@...............#
}.........[##....................
=)....([.=.###...................
.##..##.|(##.....................
).#.##...###....................#
.##..##.##....................###
####.#####.....................#
#....##.#.....................##
..............................#


Turn 74077 on Slime:5: *checking notes* yeah +6 slaying is still good .$....
...... #####...... #...#...... #.........# ###........# ###(........#
.......@...# ..........## .........## .#.......# #......... ..........#
.....##...# ....# ###.. Turn 75532 on Zot:1: hisssssssssssssss ##### #...# **
##...# ***** *, ##...)#####**,,,***, ####..[.....q.,,,,,,,,,
#...........q.,,,,,,,,, #..........qdd,,,,,,,,, #.....@#*****,,,,***,,, ####...#
*,,,,* *,,, #...# *,,,,* **** #...# ****** #...# #...# #...# #...# *********
#...# ****,,,,, Turn 75950 on Zot:1: nope ##.....##[...# ********#####*
##.....#....# ****,,,,z##2##* #..........# ##****,,,z###########.......#.# #
=#*******######.....#.........### ##*******######.....#......[.>##.
(#*******######.....###.......#.. ##*,,****######.....#...##.......
|#*,>***,.......@..©#©..##....... ##*,,****######.....#..###.[.....
[#*******######.....######......# ##*******######.....##.........##
"#*******######.....##........## ##****,,,D############.......##
#****,,,,*##2##* #...#......## #********#####* #.........## # ###........## Turn
76327 on Zot:1: npoe ##### ##...# #§.)@# #○.)[# .)☼§§.§§§. ...°..§§§☼...
###.#####§#### #. §# . #. . .. Turn 76368 on Zot:2: oh ##### ##...# #§.@<#
#○.)[# .)○§§.§§§. ......§§§☼... ###.#####§#### #. §# . #. . .. Turn 76369 on
Zot:2: getting warmer okie ...........( #....D.....#####.##### #.....(.. #.
#........ .# #....... .. #......# ... #...... ..# #.....# #....@# #..°..#
#..k.°# #.kkqq## #...§§q# #k§§§q*# #.§d§q§( #.§§§§### #....q# Turn 76391 on
Zot:2: REEEE ##### . # #[..# .. #.. #...####d.. #...#.........q #.>.........../
#......@....... .............|. ....D.....y.... ...####....(... ## .........
##.#.##.. .... / ...#. Turn 77069 on Zot:3: fucking #.....# # #.....# .#
##...##..# ####...># ##...##### #.....##### ##### #.....#...# ###### #.....#...#
##<#.# ##...##...######@#.# ####..........###...$.. ##...##################.
#.....# #.....# #.....# ##### .#...## #...# .##### ##...# .# #....# Turn 77247
on Zot:2: hello ##### ....# ....# ###########....### ####### #.................
....... #........[@...(((. ....... #..##...########## #####..
####..######################.. #..........................(..
#............................. #............##...############
#.........#####...# #.....#...# ##### ###.........# Turn 77662 on Zot:2: >:(
,,,,,,* ***,,,,************ ************ #....,,**,,,,,,,,,, * *,,,,,,,*
#...$,,##.,,,,,,,,, * *,,,,,,,* #...#,....,,,,,,,,, * *,,,,,,,*
#...#.....,,,,,,,,, ****,,,,,,,*###...#...,,,,,,,,,**
,,,,,,,,,,,,,.......,,,,,,,,,,,,, ****,,,,,,,***#...#,,,,,,,,,,,,** *
***********#.@.#,,,,,,,,,,,,* *,,,,#.......#,,,,,,,,,,,,**
*,,,,#.......#,,,,,*****,,,, ******,,,,#.......#,,,,,* *,,,,
,,,,,,,,,,#.......#**********,,,, ,,,,,,,,**#.......#****,,,,,,,,,, ,,,,,,,,*
#........,,,,,,****,,,, **********#........,,,,,,* *,,,,
*,,,,,,,,*,,,,,,,,,,,,,,* *,,,, Turn 79871 on Zot:5: lets go *,,,,,*,*,*,####).#
#....... *,,,,,......#.....# #....... *,,,,,,.....#.###)####.......
*...........#...)............ *........(..#.###<####....... *,........q(#.# ###
######## ***#......#)#.#### *,,,,# #......#.#....# *,,,,#
#......#.@⌠...######*,,,,# #......#####........,,,,,# #...................,,,**#
#......#####........,,,* # #......# ############### #......# #........# ###.####
#........' #...# #........# ###.###########........# Turn 80438 on Zot:5: ow
#...........## *,,,,,,,,,,,,,,,, #...........# *,,,,,,,,,,,,,,,, #...........##
*,,,,,,,,,,,,,,,, .....^.......# *,,,,,,,,,,^,,,,, .............##
*,,,,,,,^,,,,,,,^ ..............##*,,,,,,.,,,,,,,,,
.###########...###,,,...,,,,,,,,, ** ##....##....(,,,,,,^,, *
###.@....D(L,,,,,,,,, #▓▓▓▓▓▓▓▓▓****,,,,, ****,,,,,,,,,,,,,,
***,,,,,,,,,,,,,,,,, * **,,,,,,,,,,,,,,,,,,, * ********* *,,,,,,,,,,,,,,,,,,,,
***,,,,,,,***,,,,,,,,,,,,,,,,,,,, **,,,,,,,^,**,,,^,,,,,,^,,,,,,,,,
*,,,,,,,,,^,*,,,,,,,,,,,,,,,,,,,, Turn 80663 on Zot:5: bopw ...........##
#...........,,,,,, ...........# #...........,,,,,, ........)..##
#...........,,,,,, ....^.......# #..........^,,,,,, ............##
#.......^...,,,,^, .............###...........,,,,,,
###########...###..........,,,,,, * ##.)..##...X(...(,,^,,,
###..@.....((...,,,,,, #▓▓▓▓▓▓▓▓▓▓▓##,,,,,* ****,,,,,,,,,,,,,,,
***,,,,,,,,,,,,,,,,,, **,,,,,,,,,,,,,,,,,,,, ********* *,,,,,,,,,,,,,,,,,,,,,
**,,,,,,,***,,,,,,,,,,,,,,,,,,,,, *,,,,,,,^,**,,,^,,,,,,^,,,,,,,,,,
,,,,,,,,,^,*,,,,,,,,,,,,,,,,,,,,, Turn 80789 on Zot:5: based ...........##
#...........,,,,,, ...........# #...........,,,,,, ........)..##
#...........,,,,,, ....^.......# #..........^,,,,,, ............##
#.......^...,,,,^, .............###...........,,,,,,
###########...###..........,,,,,, * ##.)..##...((...(,,^,,,
###..@.....((...,,,,,, #▓▓▓▓▓▓▓▓▓▓▓##,,,,,* ****,,,,,,,,,,,,,,,
***,,,,,,,,,,,,,,,,,, **,,,,,,,,,,,,,,,,,,,, ********* *,,,,,,,,,,,,,,,,,,,,,
**,,,,,,,***,,,,,,,,,,,,,,,,,,,,, *,,,,,,,^,**,,,^,,,,,,^,,,,,,,,,,
,,,,,,,,,^,*,,,,,,,,,,,,,,,,,,,,, Turn 80790 on Zot:5: thank you okie .........#
**,,,,,,,,,,,,,,** ........#* ##.^.......^,,,,,,** ........#
##..^........,^,,^,,** .......## #............,,,,,,,,* .......#
#............,,,,,,,,* ....)..## #............,,,,,,,,* ^.......#
#..........^.,,,,,,,,* ........## #.......^....,,,^,,,,*
.........###....@.......,,,,,,,,* #######...###...........,,,,,,,**
##.)..##..........,^,,,,** ###............p.,,,,,** #▓▓▓▓▓▓▓▓▓▓▓##.,,,,**
****,,,,,,,,,,,,,,,** ***,,,,,,,,,,,,,,,,,,,** **,,,,,,,,,,,,,,,,,,,,,,** ******
*,,,,,,,,,,,,,,,,,,,,,,,,* Turn 80813 on Zot:5: woot .........#
**,,,,,,,,,,,,,,** ........#* ##.^.......^,,,,,,** ........#
##..^........,^,,^,,** .......## #............,,,,,,,,* .......#
#............,,,,,,,,* ....)..## #............,,,,,,,,* ^.......#
#..........^.,,,,,,,,* ........## #.......^....,,,^,,,,*
.........###....@.......,,,,,,,,* #######...###......)....,,,,,,,**
##.)..##..........,^,,,,** ###............(.,,,,,** #▓▓▓▓▓▓▓▓▓▓▓##.,,,,**
****,,,,,,,,,,,,,,,** ***,,,,,,,,,,,,,,,,,,,** **,,,,,,,,,,,,,,,,,,,,,,** ******
*,,,,,,,,,,,,,,,,,,,,,,,,* Turn 80820 on Zot:5: lol ......#
##..^.........^,,^,,** .....## #..............,,,,,,* .....#
#..............,,,,,,* ..)..## #..............,,,,,,* ......#
#..........^...,,,,,,* ......## #.......^......,^,,,,*
.......###....[.........,,,,,,* #####...###......)......,,,,,**
##.)..##....@......^,,,,** ###..............!.,,,** #▓▓▓▓▓▓▓▓▓▓▓##.?.,,**
****,,,,,,,,,,./,,,** ***,,,,,,,,,,,,,,,,,,,** **,,,,,,,,,,,,,,,,,,,,,,** ****
*,,,,,,,,,,,,,,,,,,,,,,,,* ,,,***,,,,,,,,,,,,,,,,,,,,,^,,*
,,^,**,,,^,,,,,,^,,,,,,,,,,,,** Turn 80840 on Zot:5: lol #▓▓▓▓▓▓▓▓▓▓▓##)...
▓▓▓▓............. * ##▓................ ** ##.................. ,* *********
#................... ,***,,,,,,,**▓...................
,**,,,,,,.^,*▓...^......^........ ,*,,,,,,,..X.▓............)......
,,,,,,,,,.......@................ ,*,,,,,,,....▓...................
,**^,,,,,.,,*▓................... ,***,,,,,,,**▓................... ,* *********
▓...^............... ** ▓▓.................. * ▓▓▓.....^..........
▓▓▓▓......^.....^ ▓▓▓▓▓▓▓▓▓▓▓▓▓▓ Turn 80991 on Zot:5: oh fuck me ,,,****
▓▓▓▓..... ,,,,,,*** ##▓........ ,,,,,,,,** ##.......... ,,,,,,,,,* ▓▓▓▓▓▓▓▓▓
#........... ,,,,,,,,,*▓▓)......▓▓▓........... ,,,,,,,,,▓▓.!.....^.▓▓...^......^
,,,^,,,,,▓...........▓........... ,,,,,,,,§).[.)...................
,,,,,,,,.▓......@....▓........... ,,,,,,,,,▓▓^........▓▓...........
,,,,,,,,,*▓▓.......▓▓▓........... ,,,,,,,,,* ▓▓▓▓▓▓▓▓▓ ▓...^....... ,^,,,,,,**
▓▓.......... ,,,,,,*** ▓▓▓.....^.. ,,,**** ▓▓▓▓..... **** ▓▓▓▓▓▓ Turn 81056 on
Zot:5: whoops #######.........####......## ##.....#.....###........
##.....###.....##........ ##.....#####.....#######.. ##.....#.....#.....## ##.
##.....###...###.....## #. ##...).#####.#####.....## #.
##.....#...........#.....## ## #.....###....@.b..###.....# #
#....#####.......#####....#### #...#.....#.....#.....#.....2'
#..###...###...###...###....## #.#####.#####.#####.#####..#.#
#..........................##. #############..............### ################ #
Turn 81566 on D:1: \o/

Levels and vault maps discovered:
D:1:      onia_arrival_pyramid, layout_basic, serial_shops,
          nicolae_shop_competitors_out_of_business, nicolae_shop_behind_doors,
          nicolae_shop_behind_doors, nicolae_shop_behind_doors
D:2:      layout_basic, minmay_close_crescents
D:3:      wander_river, layout_loops_cross, serial_shops, shop,
          serial_co_window_serial, co_window_paths_a, co_window_cross_1,
          co_window_corner_a, co_window_corner_a, co_window_corner_a,
          co_window_corner_a, co_window_corner_a, co_window_paths_c,
          co_window_unsneaky_path_b, co_window_unsneaky_path_e,
          co_window_paths_c, glass_columns_a, glass_columns_b, glass_columns_a
D:4:      layout_loops_ring, grunt_decor_one_mirror, minmay_misc_feat_enclosed,
          kennysheep_diamond, uniq_ijyb, uniq_natasha, uniq_grinder
D:5:      layout_basic, lemuel_round_altar, ebering_ghost_reflecting_pool,
          kennysheep_small_circle
D:6:      layout_layer_cave, temple_fountains, kennysheep_generic_room_16
D:7:      layout_gridville, minitemple, uniq_prince_ribbit1, uniq_maggie
D:8:      minmay_distorted_concentric_squares, layout_basic, enter_bailey_7,
          hangedman_decor_slide_cut, uniq_maurice, uniq_harold, uniq_pikel
D:9:      layout_cave_pools, lair_entry_dummy, serial_bayou_lagoon_a
D:10:     layout_irregular_city, lemuel_crystal_altar, ebering_ghost_xom
D:11:     layout_basic, zombieorc2_lemuel, chequers_garden
D:12:     layout_long_grid, lightli_church_of_beogh, uniq_snorg, uniq_rupert
D:13:     layout_gridville, skrybe_vaults_entry_preservation, serial_shops,
          nicolae_shop_behind_doors, nicolae_ru_the_path_less_chosen,
          uniq_erolcha
D:14:     layout_loops_cross, chequers_serial_rivers_room_a, drop_trap
D:15:     grunt_enter_depths_giant_problem, layout_irregular_city,
          hangedman_decor_growths, solitary_fountain
Temple:   cyrus_circular_temple
Lair:1:   layout_cave_pods, lemuel_fruit_tree
Lair:2:   nzn_winding_woodlands_large [nzn_winding_woodlands_5x5_cross,
          nzn_winding_woodlands_5x15_sidewinder,
          nzn_winding_woodlands_hourglass, nzn_winding_woodlands_center_lodge,
          nzn_winding_woodlands_15x15_killbox,
          nzn_winding_woodlands_center_garden,
          nzn_winding_woodlands_5x5_open_star,
          nzn_winding_woodlands_5x15_garden, nzn_winding_woodlands_5x5_three],
          layout_layer_cave, gauntlet_entry_generic, st_stairs_7
Lair:3:   layout_long_grid, dummy_spider_entry, grunt_megastairs_3,
          serial_bayou_shore_b
Lair:4:   layout_long_grid, minmay_swamp_entry_swarm,
          maelrawn_ghost_gauntlet_escape
Lair:5:   layout_gridlike, slime_altar_2, grunt_forest_stairs_basic,
          beast_lair_carwin_6, serial_bayou_shore_a
Lair:6:   minmay_lair_end_enchanted_forest, layout_long_grid,
          kennysheep_snail_temple
Swamp:1:  layout_basic_swamp, gammafunk_ghost_wrathful_warriors,
          hangedman_swamp_ruin_hall, swamp_pool5,
          nicolae_swamp_bloodsuckers_inc, infiniplex_staircase_pool
Swamp:2:  nicolae_swamp_secret_spriggan_hideout, layout_falls_marsh,
          infiniplex_staircase_pool_2, uniq_mlioglotl
Swamp:3:  layout_basic_swamp, hangedman_swamp_lotus, nicolae_swamp_fairy_circle
Swamp:4:  grunt_swamp_rune_castle, layout_basic_swamp
Spider:1: layout_spider_delve
Spider:2: layout_spider_delve
Spider:3: layout_chambers, special_room [special_room_bee],
          nicolae_spider_orb_run
Spider:4: grunt_spider_rune_circles
Slime:1:  layout_caves
Slime:2:  layout_caves
Slime:3:  layout_caves, nicolae_slime_welcoming_committee
Slime:4:  layout_caves
Slime:5
Orc:1:    layout_caves, basic_altar, serial_shops, nicolae_shop_stone
Orc:2:    pf_orc_diabolical, layout_caves, nooodl_orcs_dogs
Elf:1:    eino_elf_arrival_altar, layout_loops_corners,
          nicolae_trove_entry_diagonal, minmay_elf_demonology
Elf:2:    nicolae_elf_blades_splatter_lattice [nicolae_blade_lattice],
          layout_rooms, serial_shops, nicolae_shop_stone, shop,
          nicolae_stop_n_shop_1, nicolae_shop_behind_doors,
          nicolae_shop_statue_plus
Elf:3:    minmay_elf_hall_curves, layout_geoelf_castle, nicolae_specific_store,
          nicolae_wooded_promenade, minivault_20, uniq_roxanne
Vaults:1: grunt_tower_of_power, vaults_mumra_chevron_long,
          nicolae_vaults_little_squares_4, v_alt_pattern_6,
          vaults_dpeg_diagonal, nicolae_vaults_little_squares_4,
          vaults_room_door_hall, layout_vaults_omnigrid, serial_shops, shop
Vaults:2: hangedman_vaults_capsules, st_greater_box_5, v_misc_28,
          ontoclasm_vaults_fault, vaults_mumra_hexcomb, dpeg_vaults_monster_row,
          hangedman_vaults_stretched_pinwheel, v_pattern_5, vaults_room_pool,
          nicolae_vaults_mini_display_case, vaults_room_pool, v_misc_8,
          nicolae_vaults_asterisk, layout_vaults_big_cross, serial_shops,
          bzr_entry_road, uniq_xtahua
Vaults:3: vaults_room_door_hall, ontoclasm_vaults_ring_square, v_pattern_4,
          v_misc_24, nicolae_vaults_asterisk,
          nicolae_vaults_windows_and_doors_thing,
          minmay_crypt_entry_simple_corners, nicolae_vaults_alarming,
          v_alt_pattern_5, v_misc_29, serial_ice_b, ontoclasm_vaults_twist,
          layout_vaults_big_room
Vaults:4: mu_enter_wizlab_6, st_cells, nicolae_vaults_bisected_slash,
          grunt_vaults_hallway_long, hangedman_vaults_variations,
          v_alt_pattern_2, v_misc_28, ontoclasm_vaults_pinch, v_misc_22,
          ontoclasm_vaults_loading_screen, layout_vaults_ring, uniq_aizul,
          uniq_bai_suzhen
Vaults:5: uniq_margery
Crypt:1:  layout_basic, basic_altar, gammafunk_ghost_mausoleum
Crypt:2:  layout_chaotic_city, lemuel_statue_altar, minmay_misc_feat_pillars,
          uniq_donald
Crypt:3:  quadcrypt_mu
Depths:1: layout_small_grid, lightli_too_deep, water_maze_lemuel,
          grunt_megastairs_2
Depths:2: nooodl_glass_maze, layout_gridlike, hangedman_tar_grid_catacomb,
          grunt_pan_entry_spiral, fedhas_altar_4,
          infiniplex_staircase_pillars_3a
Depths:3: minmay_the_grid_square_5x5_5x5_mashed
          [minmay_the_grid_square_5x5_checkered_statues,
          minmay_the_grid_square_5x5_inset, minmay_the_grid_square_5x5_slash,
          minmay_the_grid_square_5x5_spiral_small,
          minmay_the_grid_square_5x5_beaten_path, minmay_the_grid_square_5x5_z,
          minmay_the_grid_square_5x5_prize_snowflake,
          minmay_the_grid_square_5x5_gyroscope,
          minmay_the_grid_square_5x5_prize_open,
          minmay_the_grid_square_5x5_misaligned,
          minmay_the_grid_square_5x5_tetrominoes,
          minmay_the_grid_square_5x5_sharp_hourglass,
          minmay_the_grid_square_5x5_prize_open,
          minmay_the_grid_square_5x5_fancy_junction,
          minmay_the_grid_square_5x5_inverted_slash,
          minmay_the_grid_square_5x5_v, minmay_the_grid_square_5x5_prize_gold,
          minmay_the_grid_square_5x5_percent,
          minmay_the_grid_square_5x5_prize_waves,
          minmay_the_grid_square_5x5_lines, minmay_the_grid_square_5x5_eight,
          minmay_the_grid_square_5x5_dogpile, minmay_the_grid_square_5x5_bite,
          minmay_the_grid_square_5x5_detours,
          minmay_the_grid_square_5x5_doubleslash], layout_basic, hell_entry,
          skrybe_limestone_x, hangedman_abyss_entry_splay,
          rand_demon_pan_entry_8, minmay_staircase_bubble
Depths:4: grunt_zot_entry_gee_three, layout_gridville, enter_ziggurat_a,
          hell_entry, hex_medium, okawaru_ov_weapons_minmay
Zot:1:    gammafunk_dig_for_victory, layout_misc_corridors
Zot:2:    kennysheep_room_grid, layout_misc_corridors, lemuel_elevator
Zot:3:    layout_misc_corridors, grunt_megastairs_1
Zot:4:    layout_concentric_octagons
Zot:5:    layout_basic

Skill      XL: |  1  2  3  4  5  6  7  8  9 10 11 12 13 14 15 16 17 18 19 20 21 22 23 24 25 26 27 |
---------------+----------------------------------------------------------------------------------+-----
Fighting       | 3 4 5 6 7 8 10 11 13 14 15 16 17 18 19 20 | 20.7
Throwing       | 5 6 8 9 10 12 13 14 15 16 17 18 19 20 21 22 | 22.3
Dodging        | 2 3 4 5 6 7 9 |  9.7
Translocations | 1 2 3 4 5 6 7 8 9 10 11 12 13 | 13.6
Necromancy     | 1 2 3 4 5 6 7 8 9 |  9.0
Stealth        | 1 2 3 6 8 10 12 | 12.5
Polearms       | 2 4 5 6 8 10 11 12 13 14 | 14.2
Spellcasting   | 1 2 3 4 5 6 7 8 9 11 13 15 16 17 | 17.9
Shields        | 2 3 4 5 7 8 9 10 11 12 13 | 13.7
Air Magic      | 2 3 4 5 6 7 8 9 10 | 10.8
Armour         | 1 3 4 5 6 7 8 9 11 | 11.6
Transmutations | 2 3 5 6 7 8 9 10 | 10.0
Evocations     | 1 2 |  2.3
Poison Magic   | 4 6 7 |  7.7
Ice Magic      | 1 4 5 7 8 9 10 | 10.0
Conjurations   | 2 4 5 7 8 9 10 | 10.5
Invocations    | 1 2 3 |  3.4
Hexes          | 2 3 4 7 |  7.5
Slings         | 1 2 |  2.0

Action                   |  1- 3 |  4- 6 |  7- 9 | 10-12 | 13-15 | 16-18 | 19-21 | 22-24 | 25-27 || total
-------------------------+-------+-------+-------+-------+-------+-------+-------+-------+-------++-------
Melee: Flail             |    88 |   139 |    33 |       |       |       |       |       |       ||   260
       Giant spiked club |       |       |    54 |       |       |       |       |       |       ||    54
       Trident           |       |       |   119 |   231 |   783 |   812 |   223 |   192 |       ||  2360
       Headbutt          |       |       |       |       |   153 |   172 |    64 |   121 |   166 ||   676
       Glaive            |       |       |       |       |    30 |       |       |       |       ||    30
       Demon trident     |       |       |       |       |       |       |       |   232 |   562 ||   794
Throw: Large rock        |    11 |       |    36 |    80 |   371 |   518 |   471 |   794 |   754 ||  3035
       Throwing net      |     3 |       |     6 |     6 |     1 |     1 |       |       |       ||    17
       Dart              |    14 |   135 |   149 |   263 |   109 |    46 |    33 |    15 |     3 ||   767
       Boomerang         |       |       |    29 |    15 |    14 |    92 |    11 |    55 |   177 ||   393
       Javelin           |       |       |       |   123 |   191 |    64 |   364 |   160 |   235 ||  1137
 Cast: Teleport Other    |       |       |     3 |       |     1 |       |       |       |       ||     4
       Blink             |       |       |     1 |    11 |    57 |    50 |    17 |    22 |    38 ||   196
       Vampiric Draining |       |       |       |     4 |    14 |    20 |       |       |       ||    38
       Olgreb's Toxic Ra |       |       |       |       |       |    32 |       |       |       ||    32
       Wereblood         |       |       |       |       |       |     1 |       |       |       ||     1
       Airstrike         |       |       |       |       |       |       |     3 |       |       ||     3
       Portal Projectile |       |       |       |       |       |       |     8 |     2 |     7 ||    17
       Alistair's Intoxi |       |       |       |       |       |       |     1 |       |     1 ||     2
       Apportation       |       |       |       |       |       |       |    10 |    29 |   248 ||   287
       Passage of Golubr |       |       |       |       |       |       |       |     2 |       ||     2
       Dispel Undead     |       |       |       |       |       |       |       |    47 |    36 ||    83
       Freezing Cloud    |       |       |       |       |       |       |       |     1 |    36 ||    37
       Cause Fear        |       |       |       |       |       |       |       |       |     5 ||     5
Invok: Heroism           |       |       |       |     8 |       |    15 |    26 |    12 |    19 ||    80
       Finesse           |       |       |       |       |       |       |       |       |     2 ||     2
Evoke: Wand              |       |       |     9 |    28 |    16 |    19 |    12 |     6 |    29 ||   119
       Condenser vane    |       |       |       |       |       |       |     2 |       |     1 ||     3
       Phial of floods   |       |       |       |       |       |       |       |       |     1 ||     1
  Use: Potion            |     1 |       |     2 |     1 |     5 |     6 |       |    10 |    21 ||    46
       Scroll            |     2 |     3 |    10 |     7 |    14 |    12 |    12 |    37 |    20 ||   117
 Stab: Held in net/web   |       |       |     1 |     2 |     1 |       |       |       |       ||     4
       Invisible         |       |       |       |       |     2 |     3 |     2 |     2 |       ||     9
       Sleeping          |       |       |       |       |     1 |     1 |     1 |     1 |     3 ||     7
       Distracted        |       |       |       |       |       |       |     1 |       |       ||     1
       Confused          |       |       |       |       |       |       |       |       |     1 ||     1
Armor: Robe              |    37 |    45 |    96 |   100 |       |       |       |       |       ||   278
       Pearl dragon scal |       |       |       |    89 |   492 |   634 |    87 |    53 |       ||  1355
       Skin              |       |       |       |       |    70 |       |       |       |       ||    70
       Fire dragon scale |       |       |       |       |       |       |       |   130 |   237 ||   367
Dodge: Dodged            |    64 |   109 |   140 |   192 |   351 |   397 |    92 |   139 |   177 ||  1661
Block: Other             |       |    13 |    12 |       |       |       |       |       |       ||    25
       Reflection        |       |     1 |       |       |       |       |    38 |    32 |    21 ||    92
       Kite shield       |       |       |     1 |   197 |   431 |   539 |   162 |   226 |   313 ||  1869

Table legend: (Time is in decaauts)
 A = Elapsed time spent in this place.
 B = Non-inter-level travel time spent in this place.
 C = Inter-level travel time spent in this place.
 D = Time resting spent in this place.
 E = Time spent auto-exploring this place.
 F = Levels seen in this place.
 G = Mean time per level.
                   A        B        C        D        E       F      G
               +--------+--------+--------+--------+--------+-----+--------+
         Total |  80654 |  71141 |   9513 |   3396 |  42247 |  64 | 1260.2 |
       Dungeon |  23326 |  18788 |   4538 |   1881 |  12301 |  15 | 1555.1 |
        Temple |     16 |     16 |      0 |      0 |      0 |   1 |   16.0 |
          Lair |  11255 |   9792 |   1463 |    621 |   5669 |   6 | 1875.8 |
         Swamp |   3704 |   3445 |    259 |    260 |   2137 |   4 |  926.0 |
   Spider Nest |   5213 |   4888 |    325 |    291 |   2961 |   4 | 1303.2 |
    Slime Pits |   2044 |   1903 |    141 |      0 |   1034 |   5 |  408.8 |
  Orcish Mines |   2141 |   1835 |    306 |      0 |   1211 |   2 | 1070.5 |
   Elven Halls |   4131 |   3637 |    494 |     25 |   1912 |   3 | 1377.0 |
        Vaults |   9899 |   8786 |   1113 |     96 |   4815 |   5 | 1979.8 |
         Crypt |   4940 |   4826 |    114 |      0 |   3558 |   3 | 1646.7 |
        Depths |   5773 |   5202 |    571 |    125 |   2916 |   4 | 1443.2 |
           Zot |   5319 |   5135 |    184 |     86 |   3183 |   5 | 1063.8 |
         Abyss |     29 |     29 |      0 |      0 |      0 |   2 |   14.5 |
        Bazaar |     92 |     92 |      0 |      0 |     49 |   1 |   92.0 |
         Trove |     85 |     85 |      0 |      0 |      0 |   1 |   85.0 |
        Bailey |   1122 |   1122 |      0 |      0 |    118 |   1 | 1122.0 |
        Wizlab |    932 |    932 |      0 |      0 |    249 |   1 |  932.0 |
      Gauntlet |    624 |    624 |      0 |     11 |    133 |   1 |  624.0 |
               +--------+--------+--------+--------+--------+-----+--------+

Top non-repeatable levels by time:
     D:5: 2510 daAuts
     D:3: 2475 daAuts
Vaults:2: 2374 daAuts
  Lair:2: 2363 daAuts
  Lair:1: 2345 daAuts
Vaults:1: 2332 daAuts
 Crypt:3: 2242 daAuts
Vaults:5: 2020 daAuts
  Lair:6: 2006 daAuts
  Lair:5: 1975 daAuts
Depths:1: 1960 daAuts
     D:7: 1922 daAuts
     D:6: 1878 daAuts
   Elf:3: 1846 daAuts
Spider:3: 1758 daAuts
